 Dungeon Crawl Stone Soup version 0.32-a0-859-gb0a091d592 (webtiles) character file.

Game seed: 4374975520229233764

1134768 gimp the Intangible (level 27, -33/249 HPs)
             Began as a Barachi Earth Elementalist on Mar 25, 2024.
             Was the Champion of Vehumet.
             Killed from afar by a Hell Sentinel (38 damage)
             ... with damnation
             ... on level 7 of the Iron City of Dis on Mar 27, 2024.
             The game lasted 05:07:36 (93466 turns).

gimp the Intangible (Barachi Earth Elementalist)   Turns: 93466, Time: 05:07:37

Health: -33/249    AC: 11    Str: 10    XL:     27
Magic:  9/62       EV: 39    Int: 28    God:    Vehumet [******]
Gold:   10994      SH: 21    Dex: 30    Spells: 8/78 levels left

rFire   + + +        b - staff of air
rCold   + + +        l - +4 kite shield {AC+3}
rNeg    + + +        X - +2 leather armour "Waozooxu" {^Contam Will+++ rCorr}
rPois   ∞            (no helmet)
rElec   +            o - +4 dragonskin cloak {Aegis}
rCorr   +            Y - +1 pair of gloves of Surprise {Str-2 Dex+6 Slay-3}
SInv    +            Q - +1 pair of boots of Nafil {Dex+3}
Will    +++++        Z - amulet "Zuub" {rC+ RegenMP+ SInv}
Stlth   ++++         d - ring of Vehumet's Hope {rPois rF++ rC+ Will+ Int-4}
HPRegen 0.61/turn    P - ring of the Empire {*Corrode rF+ MP+9 Str+2 Int+6}
MPRegen 0.78/turn

%: corrode self (3%), clarity
@: death-form, studying 4 skills, corroded, slow
A: vile attack, torment immunity, no potions, amphibious, slowness 1, strong
legs 2, +LOS, thin skeletal structure 1, clarity, fire resistance 1, electricity
resistance
}: 11/15 runes: decaying, serpentine, slimy, icy, bone, abyssal, demonic,
glowing, magical, fiery, dark
a: Hop, Siphon Essence, Begin Untransformation, Renounce Religion


You were on level 7 of the Iron City of Dis.
You worshipped Vehumet.
Vehumet was exalted by your worship.
You were an undying horror.
You visited 16 branches of the dungeon, and saw 78 of its levels.
You visited Pandemonium 1 time, and saw 12 of its levels.
You visited the Abyss 2 times.
You visited 1 bazaar.
You visited 1 ziggurat, and saw 21 of its levels.
You also visited: Sewer, Ossuary, Gauntlet, Ice Cave and Wizlab.

You collected 14115 gold pieces.
You spent 3121 gold pieces at shops.

Inventory:

Missiles
 i - 4 throwing nets
 s - 29 curare-tipped darts
Armour
 c - a +0 tower shield of protection
 l - a +4 kite shield of protection (worn)
 o - the +4 dragonskin cloak (worn) {Aegis}
   (You took it off Tiamat on level 4 of the Realm of Zot)

   Avatar's Aegis: It grants the wearer a chance to resist fire, cold, poison,
   electricity, acid, and negative energy.
 q - the +2 pair of slick slippers {slick, slippery, EV+4}
   (You found it on level 9 of a ziggurat)

   Slick:     Its wearer cannot be constricted, engulfed, netted, webbed, or
   stopped by binding sigils.
   Slippery:  Its wearer slips away from damaging melee attacks, pulling the
   attacker onward.
   EV+4:      It affects your evasion (+4).
 N - a scarf of harm
 O - +10 pearl dragon scales
 Q - the +1 pair of boots of Nafil (worn) {Dex+3}
   (You found it on level 4 of the Swamp)

   Dex+3:     It affects your dexterity (+3).
 V - a +2 helmet of intelligence
 X - the +2 leather armour "Waozooxu" (worn) {^Contam Will+++ rCorr}
   (You found it on level 2 of the Swamp)

   Will+++:   It greatly increases your willpower.
   ^Contam:   It causes magical contamination when unequipped.
   rCorr:     It protects you from acid and corrosion.
 Y - the +1 pair of gloves of Surprise (worn) {Str-2 Dex+6 Slay-3}
   (You found it on level 13 of a ziggurat)

   Str-2:     It affects your strength (-2).
   Dex+6:     It affects your dexterity (+6).
   Slay-3:    It affects your accuracy & damage with ranged weapons and melee
   (-3).
Magical Staves
 a - the staff "Earthworm" {rF+ rC+ Will+ Hexes Fire}
   (You found it on level 9 of a ziggurat)

   [staff of fire]

   Base accuracy: +5 Base damage: 5 Base attack delay: 1.2 This weapon's minimum
   attack delay (0.6) is reached at skill level 12.
   rF+:       It protects you from fire.
   rC+:       It protects you from cold.
   Will+:     It increases your willpower.
   Hexes:     It increases the power of your Hexes spells.
   Fire:      It increases the power of your Fire spells.
   It falls into the 'Staves' category.
   It is a one-handed weapon.
 b - a staff of air (weapon)
Jewellery
 d - the ring of Vehumet's Hope (left hand) {rPois rF++ rC+ Will+ Int-4}
   (You took it off a spriggan rider on level 4 of the Swamp)

   [ring of protection from cold]

   Int-4:     It affects your intelligence (-4).
   rF++:      It greatly protects you from fire.
   rC+:       It protects you from cold.
   rPois:     It protects you from poison.
   Will+:     It increases your willpower.
 I - the ring "Quplir" {rElec rC+ rN+++ Slay-2 SInv}
   (You found it on level 5 of the Pits of Slime)

   [ring of protection from cold]

   Slay-2:    It affects your accuracy & damage with ranged weapons and melee
   (-2).
   rC+:       It protects you from cold.
   rElec:     It insulates you from electricity.
   rN+++:     It renders you almost immune to negative energy.
   SInv:      It lets you see invisible.
 P - the ring of the Empire (right hand) {*Corrode rF+ MP+9 Str+2 Int+6}
   (You found it on level 3 of the Depths)

   [ring of protection from fire]

   Str+2:     It affects your strength (+2).
   Int+6:     It affects your intelligence (+6).
   rF+:       It protects you from fire.
   MP+9:      It affects your magic capacity (+9).
   *Corrode:  It may corrode you when you take damage.
 Z - the amulet "Zuub" (around neck) {rC+ RegenMP+ SInv}
   (You found it in a wizard's laboratory)

   [amulet of magic regeneration]

   It increases your rate of magic regeneration.
   rC+:       It protects you from cold.
   SInv:      It lets you see invisible.
   RegenMP+:  It increases your rate of magic regeneration.
Talismans
 R - the death talisman "Rirealause" (active) {rElec rF+ Will- Dex+3}
   (You found it on level 11 of a ziggurat)

   [talisman of death]

   Dex+3:     It affects your dexterity (+3).
   rF+:       It protects you from fire.
   rElec:     It insulates you from electricity.
   Will-:     It decreases your willpower.
Wands
 t - a wand of flame (218)
 B - a wand of roots (77)
 D - a wand of digging (40)
 M - a wand of light (35)
Scrolls
 g - 6 scrolls of amnesia
 h - 16 scrolls of fear
 u - 6 scrolls of blinking
 w - a scroll of revelation
 y - 16 scrolls of fog
 A - 18 scrolls of teleportation
 C - 2 scrolls of summoning
 S - 15 scrolls of poison
Potions
 f - 19 potions of curing
 j - 4 potions of heal wounds
 k - 21 potions of brilliance
 n - 16 potions of enlightenment
 p - 4 potions of magic
 r - 9 potions of mutation
 v - 3 potions of invisibility
 z - 5 potions of ambrosia
 E - 14 potions of haste
 F - 14 potions of cancellation
 K - 6 potions of resistance
Miscellaneous
 e - a tin of tremorstones (2/2)
 m - the horn of Geryon
 x - a phial of floods
 U - a lightning rod (4/4)
 W - a phantom mirror


   Skills:
 O Level 27 Fighting
 - Level 10.0 Armour
 O Level 27 Dodging
 - Level 1.7 Stealth
 - Level 17.0 Shields
 + Level 26.2 Spellcasting
 - Level 24.1 Conjurations
 - Level 18.0 Fire Magic
 - Level 24.0 Air Magic
 - Level 24.0 Earth Magic
 - Level 10.0 Alchemy
 - Level 11.0 Evocations
 - Level 23.0 Shapeshifting


You had 8 spell levels left.
You knew the following spells:

 Your Spells              Type           Power      Damage    Failure   Level
a - Bombard               Conj/Erth      53%        9d9       0%          6
c - Passwall              Erth           100%       N/A       0%          3
d - Borgnjor's Vile Clut  Necr/Erth      40%        N/A       1%          5
f - Fireball              Conj/Fire      50%        3d20      0%          5
h - Plasma Beam           Fire/Air       62%        2x1d78    1%          6
i - Iskenderun's Mystic   Conj/Tloc      81%        2d16      (+2d91%     4
j - Ignition              Fire           47%        3d13      2%          8
l - Chain Lightning       Conj/Air       65%        3d86      2%          9
B - Maxwell's Capacitive  Air            65%        ∞         1%          8
E - Irradiate             Conj/Alch      46%        3d27      1%          5
G - Shatter               Erth           53%        3d40*     2%          9
K - Blink                 Tloc           72%        N/A       2%          2

Your spell library contained the following spells:

 Spells                   Type           Power      Damage    Failure   Level
 Foxfire                  Conj/Fire      100%       2x1d9     0%          1
 Kiss of Death            Conj/Necr      100%       2d13      0%          1
 Magic Dart               Conj           100%       1d8       0%          1
 Sandblast                Erth           100%       2d20      0%          1
 Shock                    Conj/Air       100%       1d9       0%          1
 Sting                    Conj/Alch      100%       1d9       0%          1
 Mercury Vapours          Alch/Air       100%       N/A       0%          2
 Momentum Strike          Conj/Tloc      100%       3d10      0%          2
 Scorch                   Fire           100%       2d9       0%          2
 Searing Ray              Conj           100%       2d8       0%          2
 Static Discharge         Conj/Air       100%       3-8/arc   0%          2
 Mephitic Cloud           Conj/Alch/Air  100%       N/A       0%          3
 Stone Arrow              Conj/Erth      100%       3d13      0%          3
 Swiftness                Air            100%       N/A       0%          3
 Airstrike                Air            65%        2d(10-26) 0%          4
 Brom's Barrelling Bould  Conj/Erth      100%       2d11      0%          4
 Flame Wave               Conj/Fire      100%       2d21      0%          4
 Fulminant Prism          Conj/Alch      46%        3d21      0%          4
 Leda's Liquefaction      Alch/Erth      46%        N/A       0%          4
 Petrify                  Alch/Erth      93%        N/A       0%          4
 Arcjolt                  Conj/Air       65%        1d75      0%          5
 Iskenderun's Battlesphe  Conj           100%       2d15      0%          5
 Lee's Rapid Deconstruct  Erth           53%        3d25*     0%          5
 Conjure Ball Lightning   Conj/Air       65%        3x3d23    0%          6
 Freeze                   Ice            100%       1d10      1%          1
 Necrotise                Necr           100%       1d9       1%          1
 Slow                     Hex            100%       N/A       1%          1
 Summon Small Mammal      Summ           100%       N/A       1%          1
 Cigotuvi's Dreadful Rot  Necr/Alch/Air  100%       N/A       1%          2
 Dazzling Flash           Conj/Hex       100%       N/A       1%          3
 Frozen Ramparts          Ice            72%        1d11      1%          3
 Hailstorm                Conj/Ice       81%        3d14      1%          3
 Volatile Blastmotes      Fire/Tloc      100%       2d18      1%          3
 Animate Armour           Summ/Erth      100%       N/A       1%          4
 Ignite Poison            Fire/Alch      86%        N/A       1%          4
 Olgreb's Toxic Radiance  Alch           75%        N/A       1%          4
 Sticky Flame             Fire/Alch      86%        2d13      1%          4
 Summon Blazeheart Golem  Fire/Summ      72%        N/A       1%          4
 Summon Lightning Spire   Summ/Air       100%       N/A       1%          4
 Vhi's Electric Charge    Tloc/Air       100%       N/A       1%          4
 Alistair's Intoxication  Alch           50%        N/A       1%          5
 Freezing Cloud           Conj/Ice/Air   56%        6-21      1%          5
 Silence                  Hex/Air        51%        N/A       1%          5
 Yara's Violent Unravell  Hex/Alch       29%        3d12      1%          5
 Eringya's Noxious Bog    Alch           37%        4d6       1%          6
 Permafrost Eruption      Ice/Erth       40%        2x4d12    1%          6
 Starburst                Conj/Fire      50%        6d14      1%          6
 Orb of Destruction       Conj           53%        9d13      1%          7
 Lehudib's Crystal Spear  Conj/Erth      53%        10d13     1%          8
 Call Imp                 Summ           72%        N/A       2%          2
 Ensorcelled Hibernation  Hex/Ice        72%        N/A       2%          2
 Lesser Beckoning         Tloc           72%        N/A       2%          2
 Sublimation of Blood     Necr           36%        N/A       2%          2
 Spellforged Servitor     Conj/Summ      40%        N/A       3%          7
 Call Canine Familiar     Summ           36%        N/A       5%          3
 Confusing Touch          Hex            36%        N/A       5%          3
 Fugue of the Fallen      Necr           36%        N/A       5%          3
 Gell's Gravitas          Tloc           36%        3d8       5%          3
 Ozocubu's Armour         Ice            36%        N/A       5%          3
 Sigil of Binding         Hex            36%        N/A       5%          3
 Summon Ice Beast         Ice/Summ       36%        N/A       5%          3
 Teleport Other           Tloc           36%        N/A       5%          3
 Tukima's Dance           Hex            36%        N/A       5%          3
 Vampiric Draining        Necr           36%        2d8       5%          3
 Anguish                  Hex/Necr       18%        N/A       19%         4
 Animate Dead             Necr           36%        N/A       19%         4
 Dimensional Bullseye     Hex/Tloc       18%        N/A       19%         4
 Dispel Undead            Necr           36%        3d15      19%         4
 Martyr's Knell           Necr/Summ      36%        N/A       19%         4
 Passage of Golubria      Tloc           36%        N/A       19%         4
 Sculpt Simulacrum        Ice/Alch       29%        N/A       34%         6
 Curse of Agony           Necr           36%        N/A       45%         5
 Metabolic Englaciation   Hex/Ice        18%        N/A       45%         5
 Summon Forest            Summ/Tloc      18%        N/A       45%         5
 Summon Mana Viper        Hex/Summ       36%        N/A       45%         5
 Death Channel            Necr           18%        N/A       95%         6
 Summon Cactus Giant      Summ           18%        N/A       95%         6
 Ozocubu's Refrigeration  Ice            18%        4d11      97%         7
 Haunt                    Necr/Summ      18%        N/A       100%        7
 Manifold Assault         Tloc           18%        N/A       100%        7
 Monstrous Menagerie      Summ           18%        N/A       100%        7
 Summon Hydra             Summ           18%        N/A       100%        7
 Borgnjor's Revivificati  Necr           18%        N/A       100%        8
 Discord                  Hex            18%        N/A       100%        8
 Disjunction              Tloc           18%        N/A       100%        8
 Infestation              Necr           18%        N/A       100%        8
 Death's Door             Necr           18%        N/A       100%        9


Dungeon Overview and Level Annotations

Branches:
Dungeon (15/15)            Temple (1/1) D:4            Lair (5/5) D:8
  Swamp (4/4) Lair:3        Snake (4/4) Lair:3        Slime (5/5) Lair:4
    Orc (2/2) D:12            Elf (3/3) Orc:2        Vaults (4/5) D:14
  Crypt (3/3) Vaults:2       Tomb (0/3) Crypt:3      Depths (4/4) D:15
   Hell (visited)             Dis (7/7) Hell            Geh (0/7) Hell
    Coc (7/7) Hell            Tar (7/7) Hell            Zot (5/5) Depths:4
  Sewer (visited)         Ossuary (visited)           IceCv (visited)
 WizLab (visited)         Gauntlet (visited)

Altars:
Ashenzari
Cheibriados
Dithmenos
Elyvilon
Fedhas
Gozag
Hepliaklqana
Kikubaaqudgha
Makhleb
Nemelex Xobeh
Okawaru
Qazlal
Ru
Sif Muna
Trog
Uskayaw
Vehumet
Wu Jian
Xom
Yredelemnul
Zin
The Shining One
Beogh
Jiyva
Lugonu

Shops:
D:8 (*   Orc:1 *   Orc:2 [(*:   Elf:2 [*   Snake:1 :==(   Vaults:2 (
Vaults:3 (   Depths:1 *   Depths:4 !([[

Portals:
Hell: Depths:1 Depths:2 Depths:3 Depths:4
Abyss: Depths:1 Depths:3 Depths:4
Pandemonium: Depths:2

Annotations:
Elf:2 3 runed translucent doors, exclusion: 3 doors
Crypt:3 exclusion: 3 doors
Depths:2 6 transporters
Zot:5 1 exclusion


Innate Abilities, Weirdness & Mutations

You are an undying horror.
Your melee and unarmed attacks drain, slow and weaken victims.
You are immune to unholy pain and torment.
You cannot drink.
You are immune to poison.
You are amphibious.
You cover ground slowly.
You can hop long distances.
You have an extended range of vision and can be seen from far away.
You have a somewhat thin skeletal structure. (Dex +2, Stealth+)
You possess an exceptional clarity of mind.
Your flesh is heat resistant. (rF+)
You are resistant to electric shocks. (rElec)


Message History

The caustic shrike vaporises in an electric haze!
You kill the caustic shrike!
Vehumet accepts your kill.
You hear a shout!
You start resting.
An iron giant comes into view. It is wielding a +0 giant spiked club.
You regained 4 hp, and now have 76/249 hp.
You regained 5 mp, and now have 35/62 mp.
Casting: Maxwell's Capacitive Coupling (mildly dangerous; 1% risk of failure)
Confirm with . or Enter, or press ? or * to list all spells.
You feel a surge of power!
You begin accumulating electric charge. (Press . to continue charging.)
You feel charge building up...
You now have 28/62 mp.
You feel charge building up...
You feel charge building up...
The electricity discharges through the iron giant!!!!!
The iron giant vaporises in an electric haze!
You kill the iron giant!
Vehumet accepts your kill.
You feel your power returning.
You hear a shout!
You regained 6 mp, and now have 35/62 mp.
You start resting.
A war gargoyle comes into view. It is wielding a +0 flail.
Casting: Maxwell's Capacitive Coupling (mildly dangerous; 1% risk of failure)
Confirm with . or Enter, or press ? or * to list all spells.
You feel a surge of power!
You begin accumulating electric charge. (Press . to continue charging.)
You feel charge building up...
You now have 29/62 mp.
You feel charge building up...
You feel charge building up...
A Hell Sentinel comes into view.
A +4 great sword comes into view.
You feel charge building up...
The electricity discharges through the war gargoyle!!!
The war gargoyle vaporises in an electric haze!
You destroy the war gargoyle!
Vehumet accepts your kill.
You feel your power returning.
You hear a hideous shriek!
You hear a loud squeak.
You hear a roar!
An ancient champion comes into view.
It is wielding a +0 great sword of freezing.
You regained 2 mp, and now have 34/62 mp.
Casting: Maxwell's Capacitive Coupling (mildly dangerous; 1% risk of failure)
Confirm with . or Enter, or press ? or * to list all spells.
You feel a surge of power! Lightning arcs from your hands!
The bolt of lightning hits the +4 great sword!!
The +4 great sword resists.
The +4 great sword is severely damaged.
The bolt of lightning hits the Hell Sentinel!!!
The Hell Sentinel resists.
The Hell Sentinel is moderately wounded.
The bolt of lightning hits the ancient champion!!!!
You destroy the ancient champion!
Vehumet accepts your kill.
You feel your power returning. The Hell Sentinel gestures at you.
The sphere of damnation explodes!
The damnation engulfs you!!!
* * * LOW HITPOINT WARNING * * *
You hear a loud squeak.
You take 36 damage, and have 46/249 hp.
You now have 29/62 mp.
Casting: Chain Lightning (dangerous; 2% risk of failure)
Confirm with . or Enter, or press ? or * to list all spells.
You feel a surge of power! Lightning arcs from your hands!
The bolt of lightning hits the +4 great sword!!!
The +4 great sword resists.
The +4 great sword falls from the air.
Vehumet accepts your kill.
The bolt of lightning hits the Hell Sentinel!!!
The Hell Sentinel resists.
The Hell Sentinel is heavily wounded.
An ancient champion comes into view. It is wielding a +3 battleaxe.
You now have 20/62 mp.
Casting: Chain Lightning (dangerous; 2% risk of failure)
Confirm with . or Enter, or press ? or * to list all spells.
You feel a surge of power! Lightning arcs from your hands!
The bolt of lightning hits the Hell Sentinel!!
The Hell Sentinel resists.
The Hell Sentinel is severely wounded.
The bolt of lightning hits the ancient champion!!!
You destroy the ancient champion!
Vehumet accepts your kill.
You feel your power returning. The Hell Sentinel gestures at you.
The sphere of damnation explodes!
The damnation engulfs you!!!
* * * LOW HITPOINT WARNING * * *
You hear a shout!
You hear a roar!
You take 41 damage, and have 5/249 hp.
You now have 17/62 mp.
Casting: Chain Lightning (dangerous; 2% risk of failure)
Confirm with . or Enter, or press ? or * to list all spells.
You feel a surge of power! Lightning arcs from your hands!
The bolt of lightning hits the Hell Sentinel!!
The Hell Sentinel resists.
The Hell Sentinel is almost dead.
The Hell Sentinel gestures at you.
The sphere of damnation explodes!
The damnation engulfs you!!!
You die...

**...).)..,,,,,,,,
*,.......#,*,,,,,,
*,......#****,,,,,
*,..)1)## **,,,,
**......# *,,,,,
##..)..## **,,,,
#.......##***,,,,,
#.........,,,,,,,,
#z..#.#...,,,,,,,,
#####*#**#,,,,,**,
*,,,,,,,*,,,,,**,
*,,,,,,,*,,,,,,,,
*,,,*,,,*,,**,^,,
*,,,*,,,*,,**,,,,
*,,,*,,,+,,,,,,,,
*,,,*,,,*,,,,,,,,
*,,**,,,**+*****,


You could see a Hell Sentinel.

Vanquished Creatures
  Cerebov (Pan)
  the Royal Jelly (Slime:5)
  Antaeus (Coc:7)
  Gloorx Vloq (Pan)
  Mnoleg (Pan)
  Ereshkigal (Tar:7)
  the Serpent of Hell (Tar:7)
  Lom Lobon (Pan)
  4 dread liches
  Tiamat (Zot:4)
  7 ancient liches
  An orb of fire (Zot:3)
  3 royal mummies
  Boris (twice) (Vaults:1 Depths:2)
  25 shard shrikes
  2 curse toes
  Vashnia (Snake:2)
  10 pandemonium lords
  Saint Roka (Snake:4)
  A Killer Klown (Zig:15)
  The ghost of Ubreseox the Crack Shot, a master TeHu of Fedhas (Crypt:2)
  Bai Suzhen (Snake:4)
  28 caustic shrikes
  Geryon (Hell)
  The ghost of Dome the Black Belt, a veteran DsSu of Jiyva (Crypt:2)
  The ghost of Vailuoroe the Devastator, a veteran GrEE of Lugonu (Crypt:2)
  5 golden dragons
  16 profane servitors
  19 bone dragons
  21 Tzitzimimeh
  6 doom hounds
  5 iron giants
  A shard shrike zombie (Crypt:1)
  12 Brimstone Fiends
  A hellephant (Zig:11)
  6 liches
  A moon troll (WizLab)
  An electric golem (Zot:2)
  The ghost of Zuiczola the Eclecticist, an adept DrAl of Gozag (Vaults:2)
  38 tentacled monstrosities
  12 Hell Sentinels
  25 Ice Fiends
  23 tainted leviathans
  2 deep elf master archers (Elf:3)
  9 quicksilver dragons
  3 sphinxes
  13 acid blobs
  13 titans
  37 Executioners
  2 walking frostbound tomes (Zig:18)
  21 ancient champions
  3 deep elf blademasters
  A thorn hunter (Swamp:2)
  12 tentacled starspawn
  The ghost of Krumphau the Champion of Chaos, an adept DsMo of Makhleb (Snake:4)
  7 death cobs
  Frances (Swamp:2)
  Aizul (Snake:3)
  2 tengu reavers
  9 storm dragons
  16 azure jellies
  9 shadow dragons
  16 narguns
  3 revenants
  9 draconian monks
  2 fenstrider witches (shapeshifter) (Zig:15)
  10 nagarajas
  The ghost of Ykem the Impaler, an adept GnWn of Okawaru (Swamp:4)
  7 protean progenitors
  14 draconian knights
  11 rockslimes
  9 demonspawn warmongers (Pan)
  7 fenstrider witches
  7 fire giants
  6 vault wardens
  2 deep elf sorcerers
  14 frost giants
  3 emperor scorpions
  13 draconian shifters
  14 draconian scorchers
  The ghost of Ticic the Warrior, a journeyman MiCj of Lugonu (D:15)
  8 quicksilver elementals
  32 balrugs
  19 ghost moths
  3 deep elf elementalists (Elf:3)
  An iron dragon (Hell)
  2 spectral caustic shrikes
  An angel (Pan)
  A spectral juggernaut (Tar:3)
  A caustic shrike zombie (Crypt:3)
  6 orc warlords (Zig:17)
  7 shard shrike simulacra
  27 cacodemons
  7 ghouls
  17 ironbound preservers
  5 curse skulls
  8 draconian stormcallers
  4 broodmothers
  33 very ugly things
  11 formless jellyfish
  42 reapers
  10 draconian annihilators
  7 demonspawn blood saints (Pan)
  12 quicksilver oozes
  6 demonspawn corrupters
  8 juggernaut skeletons (Pan)
  7 ironbound thunderhulks
  12 vampire knights
  33 elemental wellsprings
  7 caustic shrike skeletons (Pan)
  15 stone giants
  An ophan (Zig:11)
  9 black draconians
  4 deep elf demonologists
  8 eleionomae
  20 deep elf death magi
  10 red draconians
  9 bunyips
  17 green draconians
  9 demonspawn black suns
  19 yellow draconians
  18 wendigos
  11 purple draconians
  11 lorocyprocas
  A minotaur (Gauntlet)
  29 war gargoyles
  Nessos (D:14)
  5 deep elf annihilators
  22 putrid mouths
  8 dire elephants
  An eleionoma (shapeshifter) (Zig:15)
  16 white draconians
  18 iron golems
  14 ettins
  10 eidola
  4 mummy priests
  Josephine (D:14)
  8 jiangshi
  14 blizzard demons
  A spectral kraken (Tar:7)
  16 yaktaur captains
  5 crystal guardians
  2 quicksilver dragon zombies (Crypt:3)
  12 fire dragons
  A fire dragon (shapeshifter) (Zig:15)
  6 entropy weavers
  7 deep elf high priests
  10 green deaths (Pan)
  20 great orbs of eyes
  28 vault guards
  3 ghost crabs
  4 spectral spriggans
  A shambling mangrove (Zig:20)
  2 spriggan zombies
  10 caustic shrike simulacra
  4 radroaches
  7 rakshasas
  4 hell beasts
  4 ogre magi (Orc:2)
  12 ice dragons
  2 peacekeepers
  A sphinx zombie (Depths:2)
  2 jorogumos
  14 anacondas
  A jorogumo (shapeshifter) (Zig:15)
  7 salamander tyrants
  6 ironbound frosthearts
  6 juggernaut simulacra
  4 merfolk aquamancers (Pan)
  8 spriggan air magi
  3 death knights
  14 hydras
  7 centaur warriors
  A two-headed ogre (shapeshifter) (Zig:15)
  A catoblepas (Lair:5)
  21 dancing weapons
  19 two-headed ogres
  8 alligators
  A spectral stone giant (Tar:2)
  4 tengu warriors
  7 boulder beetles
  7 demonic crawlers
  A death yak (shapeshifter) (Zig:15)
  A deep troll shaman (Lair:5)
  2 titan zombies (Depths:2)
  3 occultists (Depths:2)
  10 vampire magi
  9 deep troll earth magi
  19 death yaks
  8 hell hogs
  5 orc high priests
  A spectral dire elephant (Tar:3)
  22 naga sharpshooters
  9 spriggan berserkers
  6 holy swine (Pan)
  42 soul eaters
  2 thrashing horrors
  9 shock serpents
  23 hell knights
  10 naga warriors
  118 sun demons
  A storm dragon zombie (Depths:2)
  Amaemon (D:8)
  9 crystal echidnas
  21 deep elf knights
  9 hellephant skeletons (Pan)
  5 shadow wraiths
  2 skysharks
  2 spatial maelstroms (Zig:11)
  3 wretched stars
  5 salamander mystics
  29 sixfirhies
  A skyshark (shapeshifter) (Depths:4)
  27 skeletal warriors
  A goliath frog (Swamp:1)
  An iron troll (shapeshifter) (Zig:15)
  A death drake (Swamp:4)
  50 deep trolls
  10 iron trolls
  11 spriggan druids
  9 quicksilver dragon simulacra
  A mana viper (shapeshifter) (Zig:15)
  A golden dragon zombie (Depths:2)
  2 pharaoh ants
  A spectral iron dragon (Tar:2)
  14 swamp dragons
  2 spectral anacondas
  9 flayed ghosts
  14 sun moths
  2 bunyip zombies (Crypt:3)
  Pikel (D:7)
  9 lindwurms
  5 steelbarb worms
  3 orb spiders
  6 naga ritualists
  A golden dragon skeleton (Zig:21)
  2 orange crystal statues
  3 thermic dynamos
  18 deep elf archers
  6 mana vipers
  15 shadow demons
  2 tengu zombies
  17 glowing orange brains
  16 necromancers
  A swamp dragon (shapeshifter) (Zig:14)
  10 bog bodies
  A fenstrider witch simulacrum (Hell)
  26 deep elf pyromancers
  43 large abominations
  4 orc knights
  2 harpies
  3 arcanists
  An iron dragon zombie (Depths:2)
  12 phantasmal warriors
  31 starcursed masses
  28 deep elf zephyrmancers
  A wolf spider zombie (Crypt:2)
  An iron giant skeleton (Crypt:3)
  A wolf spider (shapeshifter) (Zig:15)
  2 oklob plants (Lair:4)
  17 ironbound convokers
  2 obsidian bats (Zig:17)
  6 will-o-the-wisps
  28 ugly things
  3 wolf spiders
  13 cyclopes
  A frost giant zombie (Depths:2)
  4 manticores
  A spectral alligator snapping turtle (Tar:2)
  6 shining eyes
  3 orc sorcerers
  2 worldbinders
  28 moths of wrath
  6 meliai
  20 salamanders
  6 rust devils (Hell)
  A spectral centaur (Tar:2)
  A guardian serpent (shapeshifter) (Abyss:2)
  2 kobold blastminers (Zig:17)
  13 guardian serpents
  2 molten gargoyles (Hell)
  7 water nymphs (Zig:20)
  11 eyes of devastation
  9 elephants
  A frost giant skeleton (Vaults:4)
  40 smoke demons
  7 ice statues
  2 apocalypse crabs
  50 black mambas
  7 cane toads
  19 orange demons
  6 titan simulacra
  A water nymph (shapeshifter) (Zig:14)
  9 spectral swamp worms (Tar:7)
  15 vault sentinels
  19 naga magi
  7 torpor snails
  16 hellions
  2 gargoyles
  26 yaktaurs
  2 unseen horrors
  2 unseen horror zombies (D:8)
  A black draconian zombie (Crypt:1)
  10 efreet
  6 komodo dragons
  2 spectral nagas
  9 freezing wraiths
  A yaktaur (shapeshifter) (Abyss:2)
  10 anaconda simulacra
  18 tormentors
  An alligator snapping turtle skeleton (Crypt:1)
  A bunyip simulacrum (Hell)
  3 tengu conjurers
  6 rime drakes
  2 golden dragon simulacra (Coc:2)
  5 ancient zymes
  A pale draconian skeleton (Crypt:2)
  3 iron giant simulacra
  4 guardian mummies (Zig:21)
  8 ice devils
  A hydra zombie (Abyss:2)
  A silent spectre (Tar:3)
  A shadow dragon simulacrum (Vaults:4)
  A spriggan skeleton (Depths:2)
  5 polar bears
  A merfolk (shapeshifter) (Zig:15)
  3 bloated husks
  4 harpy zombies
  7 red devils
  3 queen bees (shapeshifter)
  A harpy skeleton (Crypt:3)
  6 trolls
  19 hellwings (Pan)
  Prince Ribbit (Lair:3)
  9 hornets
  5 spectral harpies
  A hornet (shapeshifter) (D:14)
  A glass eye (shapeshifter) (Zig:15)
  22 blink frogs
  2 tarantellas
  4 tyrant leeches
  6 raiju (Abyss:2)
  11 dream sheep
  5 iron dragon simulacra
  3 glass eyes
  83 slime creatures
  A snapping turtle (Zig:20)
  A deep troll zombie (Vaults:4)
  3 stone giant simulacra
  4 jumping spiders
  2 culicivoras
  5 air elementals
  An ettin skeleton (Vaults:4)
  10 vampires
  15 dire elephant simulacra
  8 spriggans
  2 deep troll skeletons
  A fire dragon skeleton (Crypt:2)
  41 yaks
  5 ushabtiu (Zig:21)
  A yak (shapeshifter) (D:13)
  7 wyverns
  7 humans (D:14)
  15 wraiths
  34 ynoxinuls
  8 basilisks
  2 water elementals
  3 fire elementals
  31 neqoxecs
  7 wargs
  A death yak simulacrum (D:11)
  An alligator snapping turtle simulacrum (Coc:3)
  2 golden eyes (Abyss:4)
  3 redbacks
  3 vampire mosquitoes
  21 harpy simulacra
  17 chaos spawn
  3 steam dragons
  A merfolk zombie (Crypt:2)
  48 nagas
  22 swamp worms
  A naga zombie (Crypt:3)
  4 acid dragons
  2 hydra simulacra (Coc:7)
  16 water moccasins
  A hornet zombie (D:8)
  39 orc warriors
  2 ice beasts
  5 black bears
  48 laughing skulls
  8 swamp drakes
  4 ettin simulacra
  27 ogres
  5 boggarts (D:15)
  31 small abominations
  18 wolves
  10 centaurs
  4 elf zombies (Ossuary)
  A hog skeleton (Crypt:2)
  13 weeping skulls
  2 kobold brigands
  8 bullfrogs
  3 earth elementals
  A gnoll sergeant (D:11)
  A wyvern zombie (D:8)
  An entropy weaver simulacrum (D:11)
  A two-headed ogre simulacrum (D:11)
  2 scorpions
  11 wights (D:8)
  A warg skeleton (Crypt:2)
  10 killer bees
  A troll skeleton (Crypt:1)
  2 electric eels (Lair:3)
  A raiju skeleton (Crypt:2)
  2 howler monkeys (D:8)
  A lava snake (Swamp:4)
  3 human zombies
  2 quasits (Abyss:2)
  5 centaur zombies
  3 jellies (D:6)
  3 gnoll boudas
  13 orc priests
  2 hounds
  2 sleepcaps (D:6)
  4 iguanas
  17 orc wizards
  A black bear skeleton (Crypt:1)
  A hell rat (Zig:6)
  A polar bear simulacrum (D:11)
  A troll simulacrum (D:11)
  9 spriggan simulacra
  A killer bee zombie (D:8)
  A brain worm zombie (Crypt:1)
  9 hound zombies (Ossuary)
  6 mummies
  3 howler monkey zombies (D:8)
  13 gnolls
  15 adders
  A howler monkey skeleton (D:8)
  8 naga simulacra
  A river rat (shapeshifter) (D:10)
  15 white imps
  6 ufetubi
  5 adder zombies (Ossuary)
  13 dart slugs
  2 ribbon worms (D:3)
  64 orcs
  11 ball pythons
  6 bats
  7 endoplasms
  8 giant cockroaches
  3 gnoll zombies (Ossuary)
  9 hobgoblins
  4 jackals (D:5)
  11 kobolds
  4 quokkas
  15 frilled lizards
  A frilled lizard zombie (Crypt:1)
  3 goblins
  3 jackal zombies (Ossuary)
  5 kobold zombies (Ossuary)
  4 orc zombies (Ossuary)
  A quokka zombie (D:7)
  5 rats
  2 rat zombies
  3 aspiring fleshes (Pan)
  A ball lightning (Pan)
  3 fire vortices (Dis:3)
  A lurking horror (Pan)
  A spectral weapon (Swamp:4)
  7 starspawn tentacles
  3 tentacles (Tar:7)
4065 creatures vanquished.

Vanquished Creatures (others)
  A shard shrike (Coc:4)
  A pandemonium lord (Zig:15)
  A fenstrider witch (Zig:9)
  A fire giant (shapeshifter) (Zig:15)
  A nagaraja (Pan)
  A green death (Pan)
  A merfolk aquamancer (Pan)
  A sixfirhy (Pan)
  A spriggan druid (Zig:9)
  2 swamp dragons (Swamp:4)
  A spriggan simulacrum (Coc:7)
  An apocalypse crab (Zig:15)
  A smoke demon (Pan)
  A bloated husk (Swamp:1)
  A human (D:14)
  A chaos spawn (Zig:15)
  2 harpy simulacra (Coc:4)
  4 swamp drakes (Swamp:4)
  A weeping skull (Abyss:2)
  4 ball lightnings (Pan)
  A creeping inferno (Dis:3)
  4 foxfires (Swamp:4)
  13 starspawn tentacles
  4 tentacles (Tar:7)
50 creatures vanquished.

Grand Total: 4115 creatures vanquished

Notes
Turn   | Place    | Note
-------+----------+-------------------------------------------
     0 | D:1      | gimp the Barachi Earth Elementalist began the quest for the
                  | Orb.
     0 | D:1      | Reached XP level 1. HP: 13/13 MP: 3/3
   510 | D:1      | Reached XP level 2. HP: 19/19 MP: 3/5
   998 | D:2      | Reached XP level 3. HP: 24/24 MP: 2/6
  1110 | D:2      | Learned a level 3 spell: Stone Arrow
  1181 | D:2      | Found a hazy altar of Hepliaklqana.
  1235 | D:2      | Found a faded altar of an unknown god.
  1471 | D:2      | Reached XP level 4. HP: 30/30 MP: 5/8
  1990 | D:3      | Found a bloodstained altar of Trog.
  2141 | D:3      | Found a glowing drain.
  2164 | Sewer    | Entered a sewer
  2543 | Sewer    | Reached XP level 5. HP: 35/35 MP: 5/9
  2920 | Sewer    | Reached skill level 5 in Conjurations
  2920 | Sewer    | Reached XP level 6. HP: 41/41 MP: 5/11
  2982 | Sewer    | Identified the amulet "Ympik" {Reflect Int+2 SH+5}
  3124 | D:3      | Found a glowing golden altar of the Shining One.
  3282 | D:3      | Identified the +6 sling of Cej Fio {flame, rElec rF+ Str+4
                  | Int+3}
  4193 | D:4      | Found a staircase to the Ecumenical Temple.
  4199 | Temple   | Entered the Ecumenical Temple
  4212 | Temple   | Became a worshipper of Vehumet
  4288 | D:4      | Found a shimmering blue altar of Sif Muna.
  4373 | D:4      | Reached XP level 7. HP: 46/46 MP: 3/13
  4766 | D:5      | Entered Level 5 of the Dungeon
  5199 | D:5      | Found a shimmering altar of Xom.
  5910 | D:5      | Found an opulent altar of Gozag.
  6005 | D:6      | Noticed a steam dragon
  6013 | D:6      | Killed a steam dragon
  6052 | D:6      | Reached skill level 5 in Spellcasting
  6382 | D:6      | Reached skill level 1 in Fighting
  6461 | D:6      | Reached XP level 8. HP: 32/54 MP: 3/16
  7246 | D:7      | Reached * piety under Vehumet
  7246 | D:7      | Offered knowledge of Kiss of Death by Vehumet.
  7310 | D:7      | Found a sand-covered staircase.
  7398 | Ossuary  | Entered an ossuary
  7995 | Ossuary  | Offered knowledge of Foxfire by Vehumet.
  8001 | Ossuary  | Reached ** piety under Vehumet
  8130 | Ossuary  | Reached XP level 9. HP: 29/67 MP: 3/20
  8171 | Ossuary  | Reached skill level 5 in Fighting
  8606 | D:7      | Learned a level 3 spell: Passwall
  8690 | D:7      | Noticed Pikel
  8694 | D:7      | Killed Pikel
  8871 | D:7      | Found a hide-covered altar of Uskayaw.
  8871 | D:7      | Found a snail-covered altar of Cheibriados.
  9109 | D:7      | Found a hazy altar of Hepliaklqana.
  9370 | D:8      | Noticed an orange demon
  9372 | D:8      | Noticed Amaemon
  9383 | D:8      | Killed an orange demon
  9388 | D:7      | Reached skill level 10 in Spellcasting
  9766 | D:8      | Reached XP level 10. HP: 73/80 MP: 21/24
  9770 | D:8      | Offered knowledge of Mercury Vapours by Vehumet.
 10234 | D:8      | Found an ancient bone altar of Kikubaaqudgha.
 10319 | D:8      | Reached *** piety under Vehumet
 10648 | D:8      | Found a staircase to the Lair.
 11019 | D:8      | Killed Amaemon
 11245 | D:8      | Offered knowledge of Iskenderun's Mystic Blast by Vehumet.
 11532 | D:8      | Found an iron altar of Okawaru.
 11632 | D:8      | Found Tug Qebo's Antique Weapon Emporium.
 11674 | D:8      | Found Demid's Serpentskin Sales.
 11677 | D:8      | Reached XP level 11. HP: 90/90 MP: 27/27
 12004 | D:9      | Reached skill level 10 in Fighting
 12277 | D:9      | Reached **** piety under Vehumet
 12540 | D:9      | Found a broken altar of Ashenzari.
 12822 | D:10     | Entered Level 10 of the Dungeon
 12835 | D:10     | Learned a level 4 spell: Sticky Flame
 12880 | D:8      | Bought the Codex of the Tincture for 442 gold pieces
 12886 | D:8      | Learned a level 5 spell: Irradiate
 12891 | D:8      | Learned a level 4 spell: Olgreb's Toxic Radiance
 12944 | D:10     | Noticed a two-headed ogre
 12987 | D:10     | Reached skill level 1 in Alchemy
 12991 | D:10     | Offered knowledge of Mephitic Cloud by Vehumet.
 12992 | D:10     | Reached skill level 1 in Fire Magic
 13200 | D:10     | Identified the +8 sling "Sieqonk" {drain, rC+ Dex+2}
 13243 | D:10     | Noticed a two-headed ogre
 13925 | D:10     | Killed a two-headed ogre
 14081 | D:10     | Killed a two-headed ogre
 14137 | D:10     | Learned a level 3 spell: Mephitic Cloud
 14196 | Lair:1   | Entered Level 1 of the Lair of Beasts
 14411 | Lair:1   | Reached skill level 5 in Alchemy
 14653 | Lair:1   | Reached XP level 12. HP: 97/97 MP: 19/29
 14789 | Lair:1   | Reached skill level 5 in Dodging
 15103 | Lair:2   | Found a basalt altar of Yredelemnul.
 15314 | Lair:2   | Found a transporter.
 15329 | Lair:2   | Reached ***** piety under Vehumet
 15384 | Lair:2   | Offered knowledge of Permafrost Eruption by Vehumet.
 15439 | Lair:2   | Noticed a skyshark
 15446 | Lair:2   | Killed a skyshark
 15491 | Lair:2   | Reached skill level 5 in Fire Magic
 15552 | Lair:2   | Found a transporter.
 15849 | Lair:3   | Identified 2 scrolls of acquirement
 15852 | Lair:3   | Acquired 596 gold pieces
 15853 | Lair:3   | Acquired a staff of alchemy
 15938 | Lair:3   | Noticed Prince Ribbit
 15945 | Lair:3   | Killed Prince Ribbit
 16296 | Lair:3   | Found a staircase to the Snake Pit.
 16749 | Lair:3   | Found a staircase to the Swamp.
 16915 | Lair:4   | Gained mutation: You can hop long distances. [Barachi
                  | growth]
 16915 | Lair:4   | Reached XP level 13. HP: 92/103 MP: 29/31
 16937 | Lair:4   | Reached skill level 10 in Alchemy
 17008 | Lair:4   | Found a viscous altar of Jiyva.
 17096 | Lair:4   | Found a transporter.
 17098 | Lair:4   | Found a transporter.
 17148 | Lair:4   | Found a gate leading to a gauntlet.
 17179 | Gauntlet | Entered a Gauntlet
 17179 | Gauntlet | Found a transporter.
 17179 | Gauntlet | Found a transporter.
 17179 | Gauntlet | Found a transporter.
 17186 | Gauntlet | Found a transporter.
 17186 | Gauntlet | Found a transporter.
 17188 | Gauntlet | Found a transporter.
 17196 | Gauntlet | Found a transporter.
 17197 | Gauntlet | Found a transporter.
 17197 | Gauntlet | Noticed a dire elephant
 17200 | Gauntlet | Found a transporter.
 17201 | Gauntlet | Found a transporter.
 17202 | Gauntlet | Found a large runed translucent door.
 17202 | Gauntlet | Found a large runed translucent door.
 17203 | Gauntlet | Found a large runed translucent door.
 17203 | Gauntlet | Found a large runed translucent door.
 17204 | Gauntlet | Found a large runed translucent door.
 17204 | Gauntlet | Found a large runed translucent door.
 17204 | Gauntlet | Found a runed translucent door.
 17204 | Gauntlet | Found a runed translucent door.
 17205 | Gauntlet | Found a large runed translucent door.
 17205 | Gauntlet | Found a large runed translucent door.
 17206 | Gauntlet | Found a large runed translucent door.
 17206 | Gauntlet | Found a large runed translucent door.
 17207 | Gauntlet | Found a large runed translucent door.
 17207 | Gauntlet | Found a large runed translucent door.
 17207 | Gauntlet | Found a large runed translucent door.
 17207 | Gauntlet | Found a large runed translucent door.
 17208 | Gauntlet | Found a runed translucent gate.
 17208 | Gauntlet | Found a runed translucent gate.
 17208 | Gauntlet | Found a runed translucent gate.
 17210 | Gauntlet | Found a transporter.
 17210 | Gauntlet | Found a transporter.
 17319 | Gauntlet | Found a large runed translucent door.
 17322 | Gauntlet | Found a large runed translucent door.
 17375 | Gauntlet | Reached skill level 15 in Spellcasting
 17413 | Gauntlet | Identified the amulet "Dedi" {Faith rElec Str+2}
 17450 | Gauntlet | Killed a dire elephant
 17528 | Gauntlet | Identified the ring "Yminets" {rElec rPois Str-3 Slay+6}
 17558 | Gauntlet | Noticed a minotaur
 17566 | Gauntlet | Killed a minotaur
 17800 | Lair:4   | Offered knowledge of Flame Wave by Vehumet.
 18317 | Lair:4   | Found a staircase to the Slime Pits.
 18338 | Lair:5   | Entered Level 5 of the Lair of Beasts
 18367 | Lair:5   | Reached XP level 14. HP: 110/110 MP: 31/33
 18397 | Lair:5   | Reached skill level 10 in Dodging
 18528 | Lair:5   | Found a frozen archway.
 18585 | IceCv    | Entered an ice cave
 18643 | IceCv    | Learned a level 4 spell: Flame Wave
 18942 | IceCv    | Reached skill level 10 in Fire Magic
 19049 | IceCv    | Noticed a reaper
 19053 | IceCv    | Killed a reaper
 20293 | Lair:5   | Identified the amulet "Qugea" {Faith Int+3}
 20316 | Lair:5   | Learned a level 6 spell: Plasma Beam
 20644 | D:11     | Reached skill level 1 in Air Magic
 21071 | D:11     | Identified the +2 scimitar of the Bear {freeze, *Noise
                  | Str+5 Int+3}
 21217 | D:11     | Identified the +1 ice dragon scales of Death Resistance
                  | {rElec rF- rC++ Int+6}
 21227 | D:11     | Identified the +3 scale mail "Kennozus" {rPois Will+}
 21644 | D:12     | Reached XP level 15. HP: 102/115 MP: 31/35
 21984 | D:12     | Found a staircase to the Orcish Mines.
 22118 | Orc:1    | Entered Level 1 of the Orcish Mines
 22198 | Orc:2    | Entered Level 2 of the Orcish Mines
 22244 | Orc:2    | Found a staircase to the Elven Halls.
 22363 | Orc:2    | Found Aguehis's Assorted Antiques.
 22363 | Orc:2    | Found Viaggaxt's Antique Armour Shoppe.
 22363 | Orc:2    | Found Hooged's Book Emporium.
 22363 | Orc:2    | Found Olyif's Antique Weapon Boutique.
 22368 | Orc:2    | Reached ****** piety under Vehumet
 22377 | Orc:2    | Offered knowledge of Freezing Cloud by Vehumet.
 22382 | Orc:2    | Reached skill level 5 in Air Magic
 22623 | Orc:2    | Bought a pair of runed gloves for 210 gold pieces
 22623 | Orc:2    | Bought a glowing helmet for 210 gold pieces
 22643 | Orc:2    | Found a roughly hewn altar of Beogh.
 23113 | Orc:1    | Found Seoca's Assorted Antiques.
 23442 | Orc:2    | Bought a scroll of blinking for 270 gold pieces
 23442 | Orc:2    | Bought a potion of curing for 108 gold pieces
 23442 | Orc:2    | Bought a scroll of fog for 144 gold pieces
 23498 | Orc:1    | Bought a potion of curing for 96 gold pieces
 23498 | Orc:1    | Bought a scroll of fog for 128 gold pieces
 23554 | Orc:2    | Bought a book of Weapons for 448 gold pieces
 23591 | D:12     | Learned a level 4 spell: Iskenderun's Mystic Blast
 23600 | D:12     | Learned a level 8 spell: Ignition
 23602 | D:12     | Upgraded the game from 0.32-a0-834-geaf45d8e21 to
                  | 0.32-a0-841-g4648e6c457
 23649 | D:13     | Found a flickering gateway to a bazaar.
 23657 | Bazaar   | Entered a bazaar
 23659 | Bazaar   | Found Hatum's Jewellery Boutique.
 23662 | Bazaar   | Found Neafiv's Jewellery Boutique.
 23663 | Bazaar   | Found Sibeyssu's Antique Weapon Boutique.
 23663 | Bazaar   | Found Qepnos's Jewellery Boutique.
 23696 | Bazaar   | Bought the amulet of the Firefly {RegenMP+ rCorr Stlth+}
                  | for 317 gold pieces
 24260 | D:13     | Offered knowledge of Fireball by Vehumet.
 24376 | D:13     | Learned a level 5 spell: Fireball
 24379 | D:13     | Learned a level 2 spell: Blink
 24519 | D:13     | Identified the staff "Corocvoe" {^Contam rC+ Str+5 Ice}
 24723 | D:14     | Noticed Josephine
 24728 | D:14     | Killed Josephine
 24905 | D:14     | Found an opulent altar of Gozag.
 24921 | D:14     | Noticed Nessos
 24923 | D:14     | Killed Nessos
 24924 | D:14     | Reached XP level 16. HP: 122/122 MP: 34/37
 24999 | D:14     | You are sucked into a shaft and drop 1 floor!
 24999 | D:15     | Entered Level 15 of the Dungeon
 25131 | D:14     | Identified the ring "Huasos" {rC+ Str+4}
 25317 | D:14     | Found a gate to the Vaults.
 25691 | D:15     | Noticed Ticic's ghost (journeyman MiCj)
 25691 | D:15     | Noticed a lich
 25693 | D:15     | Noticed a tengu reaver
 25807 | D:15     | Found a staircase to the Depths.
 25935 | D:15     | Identified the +2 dagger "Heiklucee" {venom, rN+ rCorr
                  | MP+9}
 25942 | D:15     | Identified the +0 ring mail of the Devil's Advocate {rPois
                  | Regen+ Str+3}
 26026 | D:15     | Found a runed translucent door.
 26029 | D:15     | Found a runed translucent door.
 26782 | Swamp:1  | Entered Level 1 of the Swamp
 26789 | Swamp:1  | Noticed a fenstrider witch
 26794 | Swamp:1  | Killed a fenstrider witch
 27557 | Swamp:1  | Offered knowledge of Orb of Destruction by Vehumet.
 27812 | Swamp:2  | Noticed a thorn hunter
 27815 | Swamp:2  | Killed a thorn hunter
 28004 | Swamp:2  | Noticed Frances
 28012 | Swamp:2  | Killed Frances
 28013 | Swamp:2  | Reached skill level 15 in Fire Magic
 28143 | Swamp:2  | Identified the +2 leather armour "Waozooxu" {^Contam
                  | Will+++ rCorr}
 28150 | Swamp:2  | Identified the +11 broad axe of Insufficient Pleasure
                  | {freeze, rN+ Str+4}
 28222 | Swamp:2  | Reached skill level 1 in Shields
 28453 | Swamp:2  | Reached XP level 17. HP: 95/128 MP: 29/38
 28858 | Swamp:3  | Identified the ring "Omeud" {*Slow rC+ Will+ SInv Stlth+}
 29041 | Swamp:4  | Entered Level 4 of the Swamp
 29141 | Swamp:4  | Noticed a tentacled monstrosity
 29434 | Swamp:4  | Offered knowledge of Arcjolt by Vehumet.
 29732 | Swamp:4  | Found a runed translucent door.
 29735 | Swamp:4  | Identified the +8 spear "Xevolil" {spect, rF+}
 29736 | Swamp:4  | Identified the ring of Vehumet's Hope {rPois rF++ rC+ Will+
                  | Int-4}
 29739 | Swamp:4  | Noticed Ykem's ghost (adept GnWn)
 29739 | Swamp:4  | Noticed a tentacled monstrosity
 29963 | Swamp:4  | Identified the +1 pair of boots of Nafil {Dex+3}
 29999 | Swamp:4  | Killed a tentacled monstrosity
 30000 | Swamp:4  | Reached skill level 10 in Air Magic
 30217 | Swamp:4  | Got a decaying rune of Zot
 30493 | Snake:1  | Entered Level 1 of the Snake Pit
 30493 | Snake:1  | Found Gereppui's Antique Weapon Shop.
 30501 | Snake:1  | Reached skill level 5 in Shields
 31174 | Snake:1  | Found Pushramoz's Book Shop.
 31174 | Snake:1  | Found Issou's Jewellery Emporium.
 31175 | Snake:1  | Found Qygavugh's Jewellery Emporium.
 31312 | Snake:2  | Noticed Vashnia
 31317 | Snake:2  | Reached XP level 18. HP: 56/135 MP: 31/40
 31318 | Snake:2  | Offered knowledge of Conjure Ball Lightning by Vehumet.
 32051 | Snake:2  | Killed Vashnia
 32312 | Snake:2  | Found a shadowy altar of Dithmenos.
 32907 | Snake:3  | Identified the serpent talisman of the Fife {Str+2 Int-5
                  | SInv}
 32907 | Snake:3  | Noticed Aizul
 32968 | Snake:3  | Killed Aizul
 34356 | Snake:4  | Entered Level 4 of the Snake Pit
 34486 | Snake:4  | Found a runed translucent gate.
 34486 | Snake:4  | Noticed Saint Roka
 34786 | Snake:4  | Noticed Bai Suzhen
 34786 | Snake:4  | Noticed a quicksilver dragon
 34790 | Snake:3  | Offered knowledge of Lehudib's Crystal Spear by Vehumet.
 34790 | Snake:3  | Offered knowledge of Shatter by Vehumet.
 34790 | Snake:3  | Offered knowledge of Chain Lightning by Vehumet.
 35120 | Vaults:1 | Entered Level 1 of the Vaults
 35443 | Vaults:1 | Identified the +4 robe of Compression {rC++ Stlth+}
 35443 | Vaults:1 | Noticed Boris
 35453 | Vaults:1 | Killed Boris
 35462 | Vaults:1 | Found a magical portal.
 35504 | WizLab   | Entered Lehudib's Moon Base
 35616 | WizLab   | Reached XP level 19. HP: 140/140 MP: 21/42
 36100 | WizLab   | Reached skill level 10 in Shields
 36587 | WizLab   | Identified the amulet "Zuub" {rC+ RegenMP+ SInv}
 36930 | WizLab   | Found a transporter.
 36992 | WizLab   | Found a transporter.
 37370 | WizLab   | Identified the +1 scale mail of Goffebo {rC+ rN+ Regen+}
 38743 | Swamp:4  | Killed a tentacled monstrosity
 38905 | Swamp:3  | Learned a level 8 spell: Maxwell's Capacitive Coupling
 38949 | Swamp:4  | Killed Ykem's ghost
 39398 | Vaults:2 | Identified the serpent talisman of Lesser Demons {rF++
                  | Str+3 Dex+3 SInv}
 39736 | Vaults:2 | Found a staircase to the Crypt.
 39797 | Vaults:2 | Identified the +4 chain mail of Anaesthesia {-Tele Fly
                  | Dex+5}
 39892 | Vaults:2 | Found Hoorphige's Antique Weapon Shoppe.
 39932 | Vaults:2 | Found a runed translucent gate.
 39932 | Vaults:2 | Found a runed translucent gate.
 39933 | Vaults:2 | Found a runed translucent gate.
 39935 | Vaults:2 | Noticed Zuiczola's ghost (adept DrAl)
 39943 | Vaults:2 | Reached XP level 20. HP: 145/147 MP: 44/44
 39953 | Vaults:2 | Killed Zuiczola's ghost
 41410 | Vaults:3 | Found Tecesova's Weapon Shop.
 41929 | Vaults:3 | Paralysed by a formless jellyfish for 1 turns
 42161 | Vaults:4 | Reached skill level 15 in Shields
 42637 | Vaults:4 | Reached XP level 21. HP: 153/153 MP: 16/47
 42838 | Vaults:4 | Reached skill level 1 in Evocations
 43432 | Vaults:4 | Paralysed by a formless jellyfish for 1 turns
 43878 | Snake:4  | Killed Saint Roka
 44190 | Snake:4  | Reached skill level 5 in Evocations
 44508 | Snake:4  | Killed Bai Suzhen
 44509 | Snake:4  | Reached skill level 1 in Armour
 44634 | Snake:4  | Noticed Krumphau's ghost (adept DsMo)
 44638 | Snake:4  | Found a runed translucent gate.
 44638 | Snake:4  | Found a runed translucent gate.
 45184 | Snake:4  | Got a serpentine rune of Zot
 45677 | Snake:4  | Killed Krumphau's ghost
 46122 | Elf:1    | Entered Level 1 of the Elven Halls
 46459 | Elf:1    | Found a shimmering altar of Xom.
 46746 | Elf:1    | Found a shimmering blue altar of Sif Muna.
 47217 | Elf:2    | Reached XP level 22. HP: 160/160 MP: 43/49
 47916 | Elf:2    | Found Jaacuast's CLEARANCE SALE!.
 48119 | Elf:2    | Found a runed translucent gate.
 48119 | Elf:2    | Found a runed translucent gate.
 48122 | Elf:2    | Found a runed translucent gate.
 48205 | Elf:2    | Found Fappufur's Armour Boutique.
 48382 | Elf:3    | Entered Level 3 of the Elven Halls
 49338 | Elf:3    | Reached skill level 15 in Air Magic
 49659 | Elf:3    | Identified the +2 scimitar "Mepo" {vamp, Int+6}
 49764 | Elf:3    | Got the Compilation of the Mortal Glacier
 49825 | Elf:3    | Identified the +4 helmet of Velotay {Str+2 Dex+3}
 50144 | D:15     | Killed Ticic's ghost
 50145 | D:15     | Reached skill level 10 in Evocations
 50691 | Slime:1  | Entered Level 1 of the Pits of Slime
 51168 | Slime:5  | Entered Level 5 of the Pits of Slime
 51227 | Slime:5  | Noticed the Royal Jelly
 51571 | Slime:5  | Reached XP level 23. HP: 148/165 MP: 43/50
 51690 | Slime:5  | Killed the Royal Jelly
 51870 | Slime:5  | Gained mutation: You are clumsy. (Dex -2) [a shining eye]
 52024 | Slime:5  | Gained mutation: Armour fits poorly on your strangely
                  | shaped body. [a shining eye]
 52245 | Slime:5  | Found the necklace of Bloodlust {Fury *Rage Will++ Int-3
                  | Slay+6}
 52271 | Slime:5  | Got a slimy rune of Zot
 52316 | Slime:5  | Learned a level 6 spell: Bombard
 52319 | Slime:5  | Identified the +2 ring mail of the Hanged Man {rElec rPois}
 52320 | Slime:5  | Identified the +5 spear of Woghef {speed, rN+ Str-2 Dex+3}
 52345 | Slime:5  | Identified the amulet "Ymmiseqa" {Faith rElec rC- Dex+5
                  | Stlth+}
 52376 | Slime:5  | Identified the ring "Quplir" {rElec rC+ rN+++ Slay-2 SInv}
 52395 | Slime:5  | Acquired 823 gold pieces
 52719 | Depths:1 | Entered Level 1 of the Depths
 52878 | Depths:1 | Reached skill level 5 in Earth Magic
 52928 | Depths:1 | Found a gateway to Hell.
 53041 | Depths:1 | Found a one-way gate to the infinite horrors of the Abyss.
 53184 | Depths:1 | Found Vaonkiri's Mayhem Merchandise.
 53489 | Depths:1 | Identified the +7 hand axe of the Cursing Gods {freeze,
                  | rElec Int+3}
 53658 | Depths:2 | Found a one-way gateway to a ziggurat.
 53792 | Depths:2 | Found a one-way gate leading to the halls of Pandemonium.
 53942 | Depths:2 | Found a transporter.
 53943 | Depths:2 | Found a transporter.
 53984 | Depths:2 | Identified the +2 robe of the Damp God {rC+ Regen+}
 53984 | Depths:2 | Noticed Boris
 53989 | Depths:2 | Killed Boris
 54013 | Depths:2 | Reached skill level 10 in Conjurations
 54269 | Depths:2 | Found a transporter.
 54847 | Depths:2 | Identified the amulet of Lusudd {Faith rC+ Regen+ Str+2}
 54852 | Depths:2 | Reached XP level 24. HP: 178/178 MP: 35/50
 55144 | Depths:2 | Found a transporter.
 55146 | Depths:2 | Found a transporter.
 55149 | Depths:2 | Found a transporter.
 55345 | Depths:3 | Reached skill level 10 in Earth Magic
 55489 | Depths:3 | Identified the ring of the Empire {*Corrode rF+ MP+9 Str+2
                  | Int+6}
 56225 | Depths:4 | Entered Level 4 of the Depths
 56852 | Depths:4 | Found Xaseon's Antique Armour Boutique.
 56899 | Depths:4 | Found Xoaconil's Antique Armour Boutique.
 56900 | Depths:4 | Found Emmefyis's Distillery.
 56902 | Depths:4 | Found Volag's Antique Weapon Shop.
 56909 | Depths:4 | Bought a potion of heal wounds for 85 gold pieces
 56909 | Depths:4 | Bought a potion of curing for 51 gold pieces
 56909 | Depths:4 | Bought a potion of curing for 51 gold pieces
 56909 | Depths:4 | Bought a potion of curing for 51 gold pieces
 56979 | Depths:4 | Found a gate to the Realm of Zot.
 57082 | Depths:4 | Got Sif Muna's Directory of the Creepy Gang
 57115 | Depths:4 | Learned a level 5 spell: Borgnjor's Vile Clutch
 57166 | Depths:4 | Found a corrupted altar of Lugonu.
 57231 | Depths:4 | Bought a runed cloak for 255 gold pieces
 57231 | Depths:4 | Bought a runed tower shield for 255 gold pieces
 57605 | Depths:4 | Found an ornate altar of the Wu Jian Council.
 57847 | Crypt:1  | Entered Level 1 of the Crypt
 58673 | Crypt:1  | Identified the +6 short sword of Wuiqod {heavy, rF+ Will++
                  | Dex+3}
 58675 | Crypt:1  | Found a basalt altar of Yredelemnul.
 59004 | Crypt:2  | Found a transporter.
 59005 | Crypt:2  | Noticed Ubreseox's ghost (master TeHu)
 59022 | Crypt:2  | Identified the ring of Ywougren {^Drain rF+ Will++ Dex+6}
 59022 | Crypt:2  | Noticed a royal mummy
 59023 | Crypt:2  | Noticed Dome's ghost (veteran DsSu)
 59024 | Crypt:2  | Noticed Vailuoroe's ghost (veteran GrEE)
 59030 | Crypt:2  | Found a transporter.
 59045 | Crypt:2  | Reached XP level 25. HP: 193/193 MP: 33/50
 59214 | Crypt:2  | Reached skill level 15 in Fighting
 59536 | Crypt:3  | Entered Level 3 of the Crypt
 60472 | Crypt:3  | Identified the ring of Goreit {rPois Dex+3 Slay+2}
 60644 | Crypt:3  | Found a basalt altar of Yredelemnul.
 60644 | Crypt:3  | Noticed a dread lich
 60648 | Crypt:3  | Killed a dread lich
 60688 | Crypt:3  | Found the +1 eveningstar "Brilliance" {foul flame, Umbra}
 60952 | Crypt:3  | Reached skill level 15 in Earth Magic
 61061 | Crypt:3  | Found a staircase to the Tomb.
 61321 | Crypt:3  | Identified the +4 hand axe "Zawoust" {heavy, rC- rCorr
                  | Int+7 Stlth-}
 61527 | Vaults:5 | Entered Level 5 of the Vaults
 61529 | Vaults:5 | Reached skill level 15 in Dodging
 61831 | Zot:1    | Entered Level 1 of the Realm of Zot
 61986 | Zot:1    | You fall into a shaft and drop 1 floor!
 62142 | Zot:1    | Reached XP level 26. HP: 85/201 MP: 12/50
 62570 | Zot:1    | Identified the +1 scale mail of the Heron {rF+ Regen+
                  | Dex+5}
 63247 | Zot:2    | Reached skill level 15 in Conjurations
 64140 | Zot:2    | Found an opulent altar of Gozag.
 64549 | Zot:3    | Noticed an orb of fire
 64555 | Zot:3    | Killed an orb of fire
 65443 | Zot:3    | Identified the +2 pair of boots of Quantum Leap {Slay+2}
 66563 | Zot:4    | Reached XP level 27. HP: 171/207 MP: 34/50
 66573 | Zot:4    | Learned a level 9 spell: Chain Lightning
 66765 | Zot:4    | Found the +4 dragonskin cloak {Aegis}
 66765 | Zot:4    | Noticed Tiamat
 66773 | Zot:4    | Killed Tiamat
 67845 | Zot:5    | Entered Level 5 of the Realm of Zot
 68245 | Crypt:2  | Killed Dome's ghost
 68249 | Crypt:2  | Killed Vailuoroe's ghost
 68258 | Crypt:2  | Killed a royal mummy
 68263 | Crypt:2  | Killed Ubreseox's ghost
 68421 | Crypt:2  | Identified the amulet "Feschaxto" {Acrobat rC+}
 68424 | Crypt:2  | Identified the ring "Vuec Nui" {*Corrode rElec rN+ MP+9
                  | Dex+4}
 68669 | Zig:1    | Entered Level 1 of a ziggurat
 68712 | Zig:2    | Entered Level 2 of a ziggurat
 68791 | Zig:3    | Entered Level 3 of a ziggurat
 68844 | Zig:3    | Identified the +3 morningstar "Gaibbass" {flame, rC+}
 68850 | Zig:4    | Entered Level 4 of a ziggurat
 68851 | Zig:4    | Found the macabre finger necklace {Finger+ rN+}
 68852 | Zig:4    | Noticed an ancient lich
 68852 | Zig:4    | Noticed an ancient lich
 68856 | Zig:4    | Killed an ancient lich
 68861 | Zig:4    | Killed an ancient lich
 68915 | Zig:5    | Entered Level 5 of a ziggurat
 68918 | Zig:5    | Found the ring of the Tortoise {AC+8}
 69007 | Zig:5    | Got the Incunabulum of the Mountains
 69017 | Zig:6    | Entered Level 6 of a ziggurat
 69050 | Zig:6    | Identified the +10 dagger of the Four Quests {flame, +Blink
                  | rCorr}
 69056 | Zig:7    | Entered Level 7 of a ziggurat
 69096 | Zig:7    | Identified the ring "Haajim" {rPois Str+5 SInv}
 69109 | Zig:7    | Identified the +10 triple sword "Hoygh" {venom, MP-9 Int+4
                  | SInv Stlth-}
 69119 | Zig:8    | Entered Level 8 of a ziggurat
 69126 | Zig:8    | Noticed an ancient lich
 69129 | Zig:8    | Killed an ancient lich
 69167 | Zig:8    | Identified the ring "Fyur" {rC+ Str+5}
 69174 | Zig:8    | Identified the ring of Ydihi {rElec AC+4 Str+3 Dex+4}
 69177 | Zig:8    | Identified the +1 double sword of Pain and Death {spect,
                  | rPois Int+5 Dex-2 SInv}
 69182 | Zig:8    | Identified the ring "Xiackove" {*Slow Fly Will+ rCorr
                  | Int+3}
 69189 | Zig:8    | Lost mutation: Armour fits poorly on your strangely shaped
                  | body. [potion of mutation]
 69189 | Zig:8    | Lost mutation: You are clumsy. (Dex -2) [potion of
                  | mutation]
 69189 | Zig:8    | Gained mutation: Your mind is acute. (Int +4, Str/Dex -1)
                  | [potion of mutation]
 69189 | Zig:8    | Gained mutation: Armour fits poorly on your strangely
                  | shaped body. [potion of mutation]
 69189 | Zig:8    | Gained mutation: You have large cloven feet. [potion of
                  | mutation]
 69191 | Zig:9    | Entered Level 9 of a ziggurat
 69200 | Zig:9    | Found the +2 pair of slick slippers {slick, slippery, EV+4}
 69200 | Zig:9    | Found the +13 scythe of Curses {drain, curses, ^Drain}
 69202 | Zig:9    | Found the Charlatan's Orb {orb Evoboost}
 69240 | Zig:9    | Identified the staff "Earthworm" {rF+ rC+ Will+ Hexes Fire}
 69267 | Zig:10   | Entered Level 10 of a ziggurat
 69276 | Zig:10   | Noticed Riphat the pandemonium lord
 69280 | Zig:10   | Killed Riphat the pandemonium lord
 69547 | Zig:11   | Entered Level 11 of a ziggurat
 69757 | Zig:11   | Identified the staff "Eddo" {rF+ rN+ Int-4 Conj}
 69758 | Zig:11   | Identified the ring "Niruag" {rPois rC+ Slay+5}
 69761 | Zig:11   | Identified the +10 spear of the Original Sin {heavy, Fly}
 69765 | Zig:11   | Identified the death talisman "Rirealause" {rElec rF+ Will-
                  | Dex+3}
 69769 | Zig:11   | Identified the ring of Ciusuax {Fire rN+}
 69793 | Zig:12   | Entered Level 12 of a ziggurat
 69942 | Zig:12   | Identified the +11 falchion "Ixtikhlee" {heavy, Str+2}
 69953 | Zig:12   | Identified the staff of Forgiveness {rF+ rCorr Fire}
 69967 | Zig:13   | Entered Level 13 of a ziggurat
 70434 | Zig:13   | Identified the +9 shortbow "Qyaj" {speed, rElec Str+4}
 70450 | Zig:13   | Identified the +1 pair of gloves of Surprise {Str-2 Dex+6
                  | Slay-3}
 70481 | Zig:14   | Entered Level 14 of a ziggurat
 70599 | Zig:14   | Identified the +5 plate armour "Kiuthr Noel" {SInv}
 70604 | Zig:14   | Got the Book of Coruscating Skeletons
 70606 | Zig:14   | Identified the +6 mace of Bile {pain, rElec Str+3 Dex+2}
 70608 | Zig:14   | Identified the amulet of Quseida {Reflect Rampage rF+ SH+5}
 70621 | Zig:14   | Identified the +0 ring mail of the Nexus {Int+3 Dex+2}
 70668 | Zig:15   | Entered Level 15 of a ziggurat
 70683 | Zig:15   | Noticed Wutolylu the pandemonium lord
 70683 | Zig:15   | Noticed Daofrur the pandemonium lord
 70683 | Zig:15   | Noticed Alueneot the pandemonium lord
 70684 | Zig:15   | Noticed Arphyxzeg the pandemonium lord
 70686 | Zig:15   | Killed Wutolylu the pandemonium lord
 70686 | Zig:15   | Killed Alueneot the pandemonium lord
 70689 | Zig:15   | Killed Daofrur the pandemonium lord
 70691 | Zig:15   | Killed Arphyxzeg the pandemonium lord
 70756 | Zig:15   | Identified the amulet "Cefotyix" {Reflect ^Fragile +Blink
                  | Str+5 SH+5}
 70760 | Zig:15   | Identified the amulet "Pobbat" {Reflect rPois rF++ Str-4
                  | Slay+3 SH+5}
 70785 | Zig:16   | Entered Level 16 of a ziggurat
 70831 | Zig:16   | Found the +8 arc blade {discharge, rElec}
 70850 | Zig:16   | Identified the +6 falchion of Vanity {freeze, Will+}
 70853 | Zig:16   | Identified the +9 spear of the Heart {flame, rF+ rC- Dex+4}
 70866 | Zig:16   | Identified the +6 mace of the Loving Eel {distort, Str-2
                  | Int+7}
 70895 | Zig:17   | Entered Level 17 of a ziggurat
 71299 | Zig:17   | Identified the +3 hand axe "Inaemuk" {antimagic, rPois rF+
                  | Will+ Str-3}
 71313 | Zig:17   | Identified the ring "Hitoeb" {rCorr Int+4}
 71318 | Zig:17   | Identified the +0 scale mail of Lust {rPois rC+}
 71329 | Zig:17   | Acquired 945 gold pieces
 71344 | Zig:17   | Learned a level 9 spell: Shatter
 71345 | Zig:18   | Entered Level 18 of a ziggurat
 71519 | Zig:18   | Identified the +3 long sword "Kethy" {flame, rPois}
 71528 | Zig:18   | Identified the ring "Gamutziza" {rElec rF+ Dex+3}
 71532 | Zig:18   | Acquired 502 gold pieces
 71543 | Zig:19   | Entered Level 19 of a ziggurat
 71566 | Zig:19   | Reached skill level 1 in Shapeshifting
 71862 | Zig:19   | Identified the ring of Syweyhat {rElec Will+ rCorr}
 71920 | Zig:20   | Entered Level 20 of a ziggurat
 71951 | Zig:20   | Reached skill level 5 in Shapeshifting
 72055 | Zig:20   | Got the Papyrus of the Cumulonimbus and Azoth
 72062 | Zig:20   | Identified the +2 pair of boots "Kave" {Will+}
 72064 | Zig:20   | Identified the amulet "Nifuc" {Acrobat rN++}
 72076 | Zig:20   | Identified the staff "Hydraslayer" {Stlth+ Conj}
 72131 | Zig:21   | Entered Level 21 of a ziggurat
 72141 | Zig:21   | Noticed a royal mummy
 72141 | Zig:21   | Noticed a royal mummy
 72146 | Zig:21   | Noticed a royal mummy
 72153 | Zig:21   | Noticed a royal mummy
 72157 | Zig:21   | Killed a royal mummy
 72158 | Zig:21   | Killed a royal mummy
 72167 | Zig:21   | Noticed a royal mummy
 72170 | Zig:21   | HP: 8/207 [caustic shrike skeleton (9)]
 72177 | Zig:21   | Noticed a royal mummy
 72177 | Zig:21   | Noticed a royal mummy
 72177 | Zig:21   | Noticed a royal mummy
 72181 | Zig:21   | Noticed a royal mummy
 72186 | Zig:21   | Found the +10 tower shield of Ignorance {rN+ Int-4}
 72187 | Zig:21   | Identified the +9 spear "Efuatet" {venom, Fly rF+}
 72580 | Pan      | Entered Pandemonium
 74302 | Pan      | Gained mutation: You possess an exceptional clarity of
                  | mind. [a cacodemon]
 74917 | Pan      | Found an exit through the horrors of the Abyss.
 75063 | Pan      | Identified the +2 mace "Zeedwieg" {heavy, rN+}
 76053 | Pan      | Identified the +8 hand axe "Foixtass" {heavy, rF+ rN+++
                  | MP-9 Stlth+}
 76136 | Pan      | Noticed Udir the pandemonium lord
 76157 | Pan      | Killed Udir the pandemonium lord
 76314 | Pan      | Got a demonic rune of Zot
 76502 | Pan      | Noticed Xecolefe the pandemonium lord
 76510 | Pan      | Killed Xecolefe the pandemonium lord
 76623 | Pan      | Found an exit through the horrors of the Abyss.
 77064 | Pan      | Noticed Magesal the pandemonium lord
 77069 | Pan      | Killed Magesal the pandemonium lord
 77111 | Pan      | Entered the realm of Gloorx Vloq.
 77121 | Pan      | Reached skill level 10 in Shapeshifting
 78285 | Pan      | Found an exit through the horrors of the Abyss.
 78657 | Pan      | Noticed Gloorx Vloq
 78671 | Pan      | Killed Gloorx Vloq
 78775 | Pan      | Got a dark rune of Zot
 79407 | Pan      | Entered the realm of Cerebov.
 79948 | Pan      | Identified the +10 battleaxe "Obrulaj" {pain, Str+2 Dex+3}
 79948 | Pan      | Identified the amulet of Liexzat {Acrobat Rampage rElec
                  | Regen+}
 81054 | Pan      | Identified the ring "Ufenu" {rPois rC+ rN+ MP+9}
 81203 | Pan      | Identified the staff of Light {rC+ Str+2 Summ Ice}
 81205 | Pan      | Identified the +1 chain mail of Eternal Vigilance {+Blink
                  | rC+ Int+3 Dex+3}
 81260 | Pan      | Found the +6 sword of Cerebov {flame}
 81260 | Pan      | Noticed Cerebov
 81265 | Pan      | Killed Cerebov
 81283 | Pan      | Identified the staff "Yjarofewei" {rN+ Conj}
 81318 | Pan      | Identified the +2 sling of the Madman {freeze, rPois rF+
                  | rCorr}
 81331 | Pan      | Got a fiery rune of Zot
 81527 | Pan      | Noticed Daweof the pandemonium lord
 81538 | Pan      | Killed Daweof the pandemonium lord
 81692 | Pan      | Entered the realm of Lom Lobon.
 81692 | Pan      | Noticed Lom Lobon
 82290 | Pan      | Killed Lom Lobon
 82506 | Pan      | Got a magical rune of Zot
 82867 | Pan      | Found an exit through the horrors of the Abyss.
 83063 | Pan      | Reached skill level 15 in Shapeshifting
 83448 | Pan      | Noticed Samm the pandemonium lord
 83454 | Pan      | Killed Samm the pandemonium lord
 83665 | Pan      | Entered the realm of Mnoleg.
 83728 | Pan      | Lost mutation: Your mind is acute. (Int +4, Str/Dex -1) [a
                  | neqoxec]
 83734 | Pan      | Gained mutation: You occasionally shout uncontrollably at
                  | your foes. [a cacodemon]
 83861 | Pan      | Gained mutation: You are occasionally teleported next to
                  | monsters. [a neqoxec]
 84047 | Pan      | Gained mutation: You are frail. (-10% HP) [a cacodemon]
 84081 | Pan      | Gained mutation: You are vulnerable to heat. (rF-) [a
                  | neqoxec]
 84083 | Pan      | Lost mutation: You are frail. (-10% HP) [a neqoxec]
 84372 | Pan      | Noticed Mnoleg
 84383 | Pan      | Killed Mnoleg
 84394 | Pan      | Lost mutation: You possess an exceptional clarity of mind.
                  | [a cacodemon]
 84395 | Pan      | Gained mutation: Your spells are a little easier to cast,
                  | but a little less powerful. [a neqoxec]
 84408 | Pan      | Got a glowing rune of Zot
 84463 | Pan      | Gained mutation: You are dopey. (Int -2) [a cacodemon]
 84498 | Pan      | Lost mutation: Your spells are a little easier to cast, but
                  | a little less powerful. [potion of mutation]
 84498 | Pan      | Lost mutation: You have large cloven feet. [potion of
                  | mutation]
 84498 | Pan      | Gained mutation: You possess an exceptional clarity of
                  | mind. [potion of mutation]
 84498 | Pan      | Gained mutation: You expend magic power (3 MP) to
                  | strengthen your wands. [potion of mutation]
 84499 | Pan      | Lost mutation: You expend magic power (3 MP) to strengthen
                  | your wands. [potion of mutation]
 84499 | Pan      | Lost mutation: Armour fits poorly on your strangely shaped
                  | body. [potion of mutation]
 84499 | Pan      | Lost mutation: You are dopey. (Int -2) [potion of mutation]
 84499 | Pan      | Gained mutation: You are partially covered in iridescent
                  | scales. (AC +2) [potion of mutation]
 84499 | Pan      | Gained mutation: Your mind is acute. (Int +4, Str/Dex -1)
                  | [potion of mutation]
 84500 | Pan      | Lost mutation: You are partially covered in iridescent
                  | scales. (AC +2) [potion of mutation]
 84500 | Pan      | Lost mutation: Your mind is acute. (Int +4, Str/Dex -1)
                  | [potion of mutation]
 84500 | Pan      | Lost mutation: You are vulnerable to heat. (rF-) [potion of
                  | mutation]
 84500 | Pan      | Gained mutation: You have hidden genetic defects. [potion
                  | of mutation]
 84500 | Pan      | Gained mutation: You have sharp fingernails. [potion of
                  | mutation]
 84500 | Pan      | Gained mutation: Your natural rate of healing is unusually
                  | fast. [potion of mutation]
 84501 | Pan      | Lost mutation: Your natural rate of healing is unusually
                  | fast. [potion of mutation]
 84501 | Pan      | Lost mutation: You are occasionally teleported next to
                  | monsters. [potion of mutation]
 84501 | Pan      | Lost mutation: You occasionally shout uncontrollably at
                  | your foes. [potion of mutation]
 84501 | Pan      | Gained mutation: Your muscles are strong. (Str +4, Int/Dex
                  | -1) [potion of mutation]
 84501 | Pan      | Gained mutation: You are resistant to electric shocks.
                  | (rElec) [potion of mutation]
 84538 | Pan      | Found an ancient bone altar of Kikubaaqudgha.
 84594 | Pan      | Noticed Zifry the pandemonium lord
 84600 | Pan      | Killed Zifry the pandemonium lord
 84659 | Pan      | Found an exit through the horrors of the Abyss.
 84666 | Pan      | Took an exit into the Abyss.
 84666 | Abyss:1  | Escaped into the Abyss
 84667 | Abyss:1  | Upgraded the game from 0.32-a0-841-g4648e6c457 to
                  | 0.32-a0-859-gb0a091d592
 84668 | Abyss:1  | Found a corrupted altar of Lugonu.
 84671 | Abyss:1  | Found a corrupted altar of Lugonu.
 84696 | Abyss:2  | Found a corrupted altar of Lugonu.
 84728 | Abyss:2  | Paralysed by accursed screaming for 1 turns
 84856 | Abyss:2  | Noticed an ancient lich
 84895 | Depths:2 | Escaped the Abyss
 85124 | Depths:3 | Voluntarily entered the Abyss.
 85124 | Abyss:2  | Found a corrupted altar of Lugonu.
 85124 | Abyss:2  | Found a transporter.
 85124 | Abyss:2  | Found a corrupted altar of Lugonu.
 85124 | Abyss:2  | Found a transporter.
 85140 | Abyss:2  | Found a transporter.
 85142 | Abyss:2  | Found a corrupted altar of Lugonu.
 85152 | Abyss:2  | Identified the ring of Cikyrchauw {rF+ rC- Will++}
 85177 | Abyss:2  | Found a transporter.
 85179 | Abyss:2  | Found a corrupted altar of Lugonu.
 85227 | Abyss:2  | Found a corrupted altar of Lugonu.
 85240 | Abyss:2  | Found a corrupted altar of Lugonu.
 85240 | Abyss:2  | Found a corrupted altar of Lugonu.
 85382 | Abyss:2  | Found a corrupted altar of Lugonu.
 85440 | Abyss:2  | Lost mutation: You possess an exceptional clarity of mind.
                  | [hidden defects]
 85490 | Abyss:3  | Found a corrupted altar of Lugonu.
 85490 | Abyss:3  | Noticed a dread lich
 85497 | Abyss:3  | Killed a dread lich
 85558 | Abyss:4  | Got an abyssal rune of Zot
 85565 | Depths:3 | Escaped the Abyss
 85591 | Hell     | Entered the Vestibule of Hell
 85591 | Hell     | Noticed Geryon
 85598 | Hell     | Killed Geryon
 85714 | Hell     | Gained mutation: Armour fits poorly on your strangely
                  | shaped body. [hidden defects]
 85714 | Hell     | Lost mutation: You have hidden genetic defects. [hidden
                  | defects expressed]
 86095 | Hell     | Found a gateway to the decaying netherworld of Tartarus.
 86176 | Hell     | Found a gateway to the freezing wastes of Cocytus.
 86292 | Hell     | Found a gateway to the Iron City of Dis.
 86360 | Hell     | Found a gateway to the ashen valley of Gehenna.
 86439 | Coc:1    | Entered Level 1 of Cocytus
 87097 | Coc:3    | Noticed an ancient lich
 87100 | Coc:3    | Killed an ancient lich
 87305 | Coc:3    | Paralysed by a wendigo for 1 turns
 88251 | Coc:7    | Entered Level 7 of Cocytus
 88585 | Coc:7    | Paralysed by a wendigo for 1 turns
 88779 | Coc:7    | Noticed Antaeus
 88784 | Coc:7    | Killed Antaeus
 88826 | Coc:7    | Got an icy rune of Zot
 88835 | Coc:7    | Identified the +0 plate armour of the Spider Nest {rF+
                  | Regen+ Slay+2}
 89120 | Hell     | Lost mutation: Armour fits poorly on your strangely shaped
                  | body. [potion of mutation]
 89120 | Hell     | Lost mutation: You are resistant to electric shocks.
                  | (rElec) [potion of mutation]
 89120 | Hell     | Gained mutation: You have an increased reservoir of magic.
                  | (+10% MP) [potion of mutation]
 89120 | Hell     | Gained mutation: You are dopey. (Int -2) [potion of
                  | mutation]
 89120 | Hell     | Lost mutation: You have an increased reservoir of magic.
                  | (+10% MP) [potion of mutation]
 89120 | Hell     | Gained mutation: You are agile. (Dex +4, Str/Int -1)
                  | [potion of mutation]
 89121 | Hell     | Lost mutation: You have sharp fingernails. [potion of
                  | mutation]
 89121 | Hell     | Lost mutation: You are agile. (Dex +4, Str/Int -1) [potion
                  | of mutation]
 89121 | Hell     | Gained mutation: You are strong-willed. (Will+) [potion of
                  | mutation]
 89121 | Hell     | Gained mutation: You are partially covered in iridescent
                  | scales. (AC +2) [potion of mutation]
 89121 | Hell     | Gained mutation: You occasionally lose the ability to drink
                  | potions when taking damage. [potion of mutation]
 89121 | Hell     | Gained mutation: You have a beak for a mouth. [potion of
                  | mutation]
 89122 | Hell     | Lost mutation: You have a beak for a mouth. [potion of
                  | mutation]
 89122 | Hell     | Lost mutation: Your muscles are strong. (Str +4, Int/Dex
                  | -1) [potion of mutation]
 89122 | Hell     | Lost mutation: You are partially covered in iridescent
                  | scales. (AC +2) [potion of mutation]
 89122 | Hell     | Gained mutation: Your magical capacity is low. (-10% MP)
                  | [potion of mutation]
 89122 | Hell     | Gained mutation: Your flesh is cold resistant. (rC+)
                  | [potion of mutation]
 89123 | Hell     | Lost mutation: You are strong-willed. (Will+) [potion of
                  | mutation]
 89123 | Hell     | Lost mutation: Your flesh is cold resistant. (rC+) [potion
                  | of mutation]
 89123 | Hell     | Lost mutation: Your magical capacity is low. (-10% MP)
                  | [potion of mutation]
 89123 | Hell     | Gained mutation: Your body sometimes deteriorates upon
                  | taking damage. [potion of mutation]
 89123 | Hell     | Gained mutation: Your flesh is heat resistant. (rF+)
                  | [potion of mutation]
 89123 | Hell     | Lost mutation: You are dopey. (Int -2) [potion of mutation]
 89123 | Hell     | Gained mutation: You possess an exceptional clarity of
                  | mind. [potion of mutation]
 89124 | Hell     | Lost mutation: You occasionally lose the ability to drink
                  | potions when taking damage. [potion of mutation]
 89124 | Hell     | Lost mutation: Your body sometimes deteriorates upon taking
                  | damage. [potion of mutation]
 89124 | Hell     | Gained mutation: Potions are less effective at restoring
                  | your health. [potion of mutation]
 89124 | Hell     | Gained mutation: You are weak. (Str -2) [potion of
                  | mutation]
 89124 | Hell     | Gained mutation: You have a somewhat thin skeletal
                  | structure. (Dex +2, Stealth+) [potion of mutation]
 89125 | Hell     | Lost mutation: You are weak. (Str -2) [potion of mutation]
 89125 | Hell     | Lost mutation: Potions are less effective at restoring your
                  | health. [potion of mutation]
 89125 | Hell     | Gained mutation: You are resistant to electric shocks.
                  | (rElec) [potion of mutation]
 89134 | Tar:1    | Entered Level 1 of Tartarus
 89155 | Tar:1    | You fall into a shaft and drop 1 floor!
 89743 | Tar:5    | Reached skill level 27 in Dodging
 89989 | Tar:5    | Noticed an ancient lich
 90013 | Tar:5    | Killed an ancient lich
 90156 | Tar:5    | Noticed an ancient lich
 90156 | Tar:5    | Noticed a dread lich
 90158 | Tar:5    | Noticed a dread lich
 90161 | Tar:5    | Killed a dread lich
 90162 | Tar:5    | Killed an ancient lich
 90162 | Tar:5    | Noticed an ancient lich
 90164 | Tar:5    | Killed a dread lich
 90168 | Tar:5    | Killed an ancient lich
 90367 | Tar:7    | Entered Level 7 of Tartarus
 91027 | Tar:7    | Noticed the Serpent of Hell
 91035 | Tar:7    | Killed the Serpent of Hell
 91524 | Tar:7    | Noticed Ereshkigal
 91539 | Tar:7    | Killed Ereshkigal
 91551 | Tar:7    | Reached skill level 27 in Fighting
 91580 | Tar:7    | Reached skill level 5 in Armour
 91687 | Tar:7    | Found the amulet of the Air {Inacc Air Fly rElec RMsl}
 91690 | Tar:7    | Identified the ring "Rixta" {rC+ Will+ MP+9 Str+4 Stlth-}
 91698 | Tar:7    | Got a bone rune of Zot
 91968 | Dis:1    | Entered Level 1 of the Iron City of Dis
 92272 | Dis:3    | Reached skill level 10 in Armour
 93338 | Dis:7    | Entered Level 7 of the Iron City of Dis
 93465 | Dis:7    | HP: 5/249 [Hell Sentinel/damnation (42)]
 93466 | Dis:7    | Killed from afar by a Hell Sentinel

Illustrated notes

Levels and vault maps discovered:
D:1:      mrwooster_arrival_arrow, layout_basic, minivault_14,
          chequers_serial_rivers_small_a, kennysheep_doodads
D:2:      layout_loops_ring, chequers_ecumenical_altar_simple_redux, basic_altar
D:3:      layout_basic, nicolae_tso_carved_into_rock, lightli_temple_of_fire,
          portal_sewer_entry_a, hangedman_abyss_or_decor_stabs,
          minmay_fractal_squares_diagonal_5
D:4:      layout_basic, mainiacjoe_overflow_alcove_1,
          minmay_temple_entry_enclosed_plants, nicolae_half_adder
D:5:      layout_layer_cave, lemuel_doored_altar, kennysheep_mini_moat
D:6:      layout_basic
D:7:      layout_loops_cross, nzn_hepliaklqana_mist_gate,
          gammafunk_temple_overflow_elements, enter_ossuary_4, uniq_pikel
D:8:      layout_basic, okawaru_ov_weapons_minmay,
          lemuel_mausoleum_altar_kikubaaqudgha, minmay_lair_entry_grove,
          serial_undead, serial_undead_e, serial_undead_c, serial_undead_e,
          serial_undead_a, serial_shops, shop, guppyfry_shop_venom, uniq_amaemon
D:9:      layout_small_grid, ashenzari_conservatory_becter, chequers_avenue,
          minmay_tree_intersection, abandoned_shop, kennysheep_decorative_pillar
D:10:     layout_roguey, serial_curves, eino_curves_03, eino_curves_02,
          eino_curves_04, eino_curves_03
D:11:     dreamdust_isle_of_ice, layout_basic, minmay_misc_feat_plants,
          small_statue_intersection, nrook_guardian_serpent_double
D:12:     layout_basic, david_orc_2
D:13:     minmay_chambers_of_sevens, layout_small_grid, serial_shops,
          bzr_in_the_mist
D:14:     layout_basic, ximxim_vaults_locker_room, grunt_gozag_statues,
          uniq_josephine, uniq_nessos
D:15:     hangedman_depths_entry_civil_slaughter, layout_basic,
          muffindrake_ghost_dual_entry, chequers_serial_rivers_marsh
Temple:   nicolae_temple_ecumenical_triangle
Lair:1:   layout_big_grid
Lair:2:   gammafunk_worm_tunnel, layout_cave_pods, basic_altar,
          infiniplex_staircase_pool_2
Lair:3:   layout_cave_pods, nicolae_swamp_entry_splash_gauntlet,
          dummy_snake_entry, grunt_megastairs_5, serial_bayou_shore_a,
          uniq_prince_ribbit2
Lair:4:   gammafunk_boulding_lane, layout_regular_city,
          minmay_slime_entry_oklob_open, gauntlet_entry_generic
Lair:5:   grunt_lair_end_beastmaster, layout_long_grid,
          portal_ice_cave_entry_imps, lemuel_fruit_tree,
          infiniplex_staircase_pool
Swamp:1:  layout_basic_swamp, evilmike_swamp_ruin_house_5, swamp_pool_4,
          nicolae_swamp_very_dense_foliage, st_swamp_ruins_3
Swamp:2:  cheibrodos_swamp_tower_of_moss, layout_falls_marsh,
          nicolae_swamp_orc_logging_accident, uniq_frances
Swamp:3:  layout_basic_swamp, nicolae_swamp_decorative_isthmus
Swamp:4:  swamp_fiery, layout_basic_swamp, ebering_ghost_funeral_grove
Snake:1:  layout_grid_shapes, serial_shops, shop,
          hangedman_snake_corridor_split, minmay_shop_grove
Snake:2:  layout_gridlike, basic_altar, uniq_vashnia
Snake:3:  layout_gridlike, uniq_aizul
Snake:4:  hellmonk_snake_rune_quicksilver_temple, layout_cave_town,
          gammafunk_ghost_split, nicolae_fountain_basement, uniq_saint_roka,
          uniq_bai_suzhen
Slime:1:  layout_caves
Slime:2:  layout_caves
Slime:3:  layout_caves
Slime:4:  layout_caves
Slime:5:  slime_pit_nicolae_block_by_block
Orc:1:    layout_caves, serial_shops, shop
Orc:2:    st_orc_ogre_mass, layout_diamond_mine, basic_altar
Elf:1:    minmay_elf_arrival_summoners, layout_geoelf_octagon, basic_altar,
          guppyfry_elf_altar
Elf:2:    nicolae_elf_blades_splatter_lattice [mumra_blade_entry_dagger],
          layout_geoelf_grid, serial_shops, shop, nicolae_shop_clearance
Elf:3:    elf_hall_gauntlet_narrow, layout_onion_city
Vaults:1: infiniplex_enter_wizlab_glasses, nicolae_vaults_big_angled_halls,
          grunt_vaults_focal, nicolae_vaults_antechamber_and_loot_room,
          ontoclasm_vaults_tryst, nicolae_vaults_double_plus_3, v_alt_pattern_3,
          nicolae_vaults_alarming, nicolae_vaults_wine_cellar,
          nicolae_vaults_twisting_passages, nicolae_vaults_more_shelving_1,
          hangedman_vaults_stagger, nicolae_vaults_closet_pinwheel_2,
          ontoclasm_vaults_fault, nicolae_vaults_layer_cake_slice,
          layout_vaults_omnibox, uniq_boris
Vaults:2: gammafunk_ghost_spectres, v_misc_3, nicolae_vaults_heart-shaped_vault,
          v_rooms_1, vaults_room_corners, vaults_mumra_hex, v_misc_15,
          layout_vaults_omnigrid, dummy_crypt_entry, serial_shops,
          nicolae_shop_rolling_square
Vaults:3: v_pattern_4, nicolae_vaults_network_star,
          nicolae_vaults_three_branches,
          vaults_standard_mumra_enter_the_diamond,
          nicolae_vaults_storage_closets_3, v_misc_22, nicolae_vaults_wrenched,
          ontoclasm_vaults_idyll, nicolae_vaults_tetromino_L_1,
          layout_vaults_ring, serial_shops, nicolae_shop_getting_attention
Vaults:4: nicolae_vaults_octothorpe, nicolae_vaults_double_plus_2,
          ontoclasm_vaults_ring_large, gargoyle_guard,
          grunt_vaults_hallway_short, vaults_room_boxed, vaults_room_corners,
          nicolae_vaults_tetromino_T_1, nicolae_vaults_diamond_1,
          vaults_mumra_minichess, nicolae_vaults_trapezoid_4, v_misc_5,
          layout_vaults_maze_snakey
Vaults:5: uniq_sojobo
Crypt:1:  layout_misc_corridors, nicolae_nh_vlads_tower
Crypt:2:  layout_chaotic_city, nzn_ghost_randoct
Crypt:3:  cryptofortress_bobbens
Depths:1: layout_cross, abyss_entry, hell_entry, nicolae_the_louvre,
          minmay_shop_mayhem, minmay_misc_feat_four_crosses,
          serial_sigils_hangedman_quiver, evilmike_butchery
Depths:2: hangedman_six_sided_sadism, layout_honeycomb, enter_ziggurat_d,
          hell_entry, rand_demon_pan_entry_7, solitary_fountain,
          serial_nicolae_subway, nicolae_sub_station_metal,
          nicolae_sub_station_crystal, nicolae_sub_station_stone,
          minmay_staircase_windowed_small
Depths:3: nooodl_glass_maze, layout_cave_shapes, nicolae_figureground_pulse,
          abyss_entry, hell_entry, serial_bayou_shore_b
Depths:4: grunt_twist_and_shout, layout_gridlike, hell_entry,
          pdpol_wu_jian_five_deadly_venoms, abyss_entry_flame_altar,
          minmay_shoptagon
Hell
Dis:1:    layout_jigsaw, minmay_strange_pillars, nicolae_dis_scattering
Dis:2:    layout_gridville
Dis:3:    layout_jigsaw, nicolae_dis_metal_lava_thing
Dis:4:    layout_gridville
Dis:5:    layout_subdivisions
Dis:6:    layout_regular_city, nicolae_dis_grated_feature
Dis:7:    dis_hangedman
Coc:1:    layout_ice_bergs
Coc:2:    nicolae_hells_demon_pit, layout_ice_bergs
Coc:3:    layout_ice_bergs, nicolae_coc_statues_of_limitations
Coc:4:    layout_ice_bergs, serial_ice, serial_ice_e
Coc:5:    nicolae_coc_on_the_berg
Coc:6:    layout_cocytus_water_paths
Coc:7:    coc_old
Tar:1:    layout_honeycomb
Tar:2:    layout_cathedral_of_symmetry, nicolae_hells_seeping_fissure
Tar:3:    layout_grid_maze
Tar:4:    layout_grid_maze
Tar:5:    layout_catacombs, nicolae_hells_leichenhalle
Tar:6:    layout_grid_maze
Tar:7:    tar_minmay_river
Zot:1:    layout_onion_interference, regret_index_zotdec_silver_v_v_loose
Zot:2:    regret_index_malice_mire, layout_misc_corridors,
          regret_index_zotdec_silver_v_v_orig_slice
Zot:3:    kennysheep_room_grid, layout_twisted_circle, grunt_megastairs_2
Zot:4:    layout_gridlike, skrybe_zot_glass_3, uniq_tiamat
Zot:5:    layout_gridlike

Skill      XL: |  1  2  3  4  5  6  7  8  9 10 11 12 13 14 15 16 17 18 19 20 21 22 23 24 25 26 27 |
---------------+----------------------------------------------------------------------------------+-----
Conjurations   | 2 3 5 7 10 12 14 17 24 | 24.1
Spellcasting   | 3 4 5 7 10 12 13 14 15 16 17 18 19 20 22 23 26 | 26.2
Earth Magic    | 4 8 13 15 24 | 24.0
Fighting       | 1 4 7 9 10 12 14 15 27 | 27.0
Alchemy        | 5 9 10 | 10.0
Fire Magic     | 3 6 9 11 13 15 17 18 | 18.0
Dodging        | 4 6 9 11 13 14 15 17 27 | 27.0
Air Magic      | 3 6 8 10 12 14 16 18 19 20 21 24 | 24.0
Shields        | 1 5 9 13 15 17 | 17.0
Evocations     | 7 11 | 11.0
Armour         | 4 10 | 10.0
Shapeshifting  | 23 | 23.0
Stealth        | |  1.7

Action                     |  1- 3 |  4- 6 |  7- 9 | 10-12 | 13-15 | 16-18 | 19-21 | 22-24 | 25-27 || total
---------------------------+-------+-------+-------+-------+-------+-------+-------+-------+-------++-------
  Melee: Short sword       |       |     1 |       |       |       |       |       |       |       ||     1
         Staff             |       |       |       |     3 |     3 |     1 |    20 |     5 |   309 ||   341
   Fire: Sling             |       |     2 |    72 |     9 |       |       |       |       |       ||    83
   Cast: Sandblast         |    45 |    91 |     3 |       |       |       |       |       |       ||   139
         Stone Arrow       |       |    16 |   133 |   270 |   410 |   116 |   121 |   125 |       ||  1191
         Olgreb's Toxic Ra |       |       |       |    64 |    81 |    15 |     5 |       |       ||   165
         Irradiate         |       |       |       |       |    12 |    34 |    38 |    29 |    67 ||   180
         Mephitic Cloud    |       |       |       |       |     5 |       |       |       |       ||     5
         Sticky Flame      |       |       |       |       |     6 |       |       |       |       ||     6
         Flame Wave        |       |       |       |       |     4 |       |       |       |       ||     4
         Plasma Beam       |       |       |       |       |    42 |   382 |   340 |   357 |   328 ||  1449
         Fireball          |       |       |       |       |     4 |    32 |     2 |    14 |     4 ||    56
         Ignition          |       |       |       |       |       |    16 |    94 |    97 |   160 ||   367
         Iskenderun's Myst |       |       |       |       |       |     3 |     1 |       |     1 ||     5
         Maxwell's Capacit |       |       |       |       |       |       |     9 |    52 |   210 ||   271
         Bombard           |       |       |       |       |       |       |       |     2 |  1223 ||  1225
         Chain Lightning   |       |       |       |       |       |       |       |       |   400 ||   400
         Shatter           |       |       |       |       |       |       |       |       |    24 ||    24
         Borgnjor's Vile C |       |       |       |       |       |       |       |       |     1 ||     1
Ability: Hop               |       |     1 |     2 |     1 |     4 |     3 |     3 |     3 |    18 ||    35
         Begin Untransform |       |       |       |       |       |       |       |       |     1 ||     1
  Evoke: Wand              |       |       |     1 |       |     1 |       |     2 |     4 |    16 ||    24
         Lightning rod     |       |       |       |       |       |     2 |     1 |       |    10 ||    13
         Phial of floods   |       |       |       |       |       |       |       |       |     1 ||     1
         Tin of tremorston |       |       |       |       |       |       |       |       |     3 ||     3
         Phantom mirror    |       |       |       |       |       |       |       |       |     1 ||     1
    Use: Scroll            |       |       |       |    15 |    15 |     9 |     8 |     4 |    40 ||    91
         Potion            |       |       |       |     1 |       |     5 |       |       |    37 ||    43
   Stab: Invisible         |       |       |       |       |       |       |     1 |       |       ||     1
 Armour: Robe              |     3 |    35 |   119 |    72 |       |       |       |       |       ||   229
         Leather armour    |       |       |       |    97 |   220 |   167 |   152 |   190 |   890 ||  1716
  Dodge: Dodged            |     3 |    38 |    80 |    84 |   167 |   101 |   133 |    95 |   943 ||  1644
         Repelled          |       |       |       |     4 |    13 |    39 |    42 |    16 |       ||   114
  Block: Other             |       |     2 |    26 |    26 |       |       |       |       |       ||    54
         Reflection        |       |       |     3 |       |       |       |       |       |       ||     3
         Buckler           |       |       |       |       |       |    22 |    82 |    10 |       ||   114
         Kite shield       |       |       |       |       |       |       |       |   132 |  1098 ||  1230
   Form: Death             |       |       |       |       |       |       |       |       |     3 ||     3
                           |       |       |       |       |       |       |       |       |     1 ||     1

Table legend: (Time is in decaauts)
 A = Elapsed time spent in this place.
 B = Non-inter-level travel time spent in this place.
 C = Inter-level travel time spent in this place.
 D = Time resting spent in this place.
 E = Time spent auto-exploring this place.
 F = Levels seen in this place.
 G = Mean time per level.
                   A        B        C        D        E       F      G
               +--------+--------+--------+--------+--------+-----+--------+
         Total | 103150 |  94381 |   8769 |   4752 |  70062 | 122 |  845.5 |
       Dungeon |  21122 |  17953 |   3169 |    144 |  15397 |  15 | 1408.1 |
        Temple |     31 |      3 |     28 |      0 |      0 |   1 |   31.0 |
          Lair |   6896 |   5779 |   1117 |    102 |   4390 |   5 | 1379.2 |
         Swamp |   4449 |   4071 |    378 |    229 |   3208 |   4 | 1112.2 |
     Snake Pit |   6908 |   6399 |    509 |    540 |   4931 |   4 | 1727.0 |
    Slime Pits |   1808 |   1691 |    117 |    220 |    916 |   5 |  361.6 |
  Orcish Mines |   1762 |   1370 |    392 |      0 |   1191 |   2 |  881.0 |
   Elven Halls |   4200 |   4010 |    190 |    100 |   3360 |   3 | 1400.0 |
        Vaults |   6890 |   6288 |    602 |     27 |   5252 |   5 | 1378.0 |
         Crypt |   4089 |   3896 |    193 |     18 |   3124 |   3 | 1363.0 |
        Depths |   6943 |   6160 |    783 |    651 |   4691 |   4 | 1735.8 |
          Hell |    866 |    731 |    135 |    172 |    391 |   1 |  866.0 |
           Dis |   1461 |   1260 |    201 |    213 |    672 |   7 |  208.7 |
       Cocytus |   2947 |   2827 |    120 |    719 |   1145 |   7 |  421.0 |
      Tartarus |   3054 |   2536 |    518 |   1062 |    698 |   7 |  436.3 |
           Zot |   6627 |   6316 |    311 |    137 |   5165 |   5 | 1325.4 |
         Abyss |    784 |    784 |      0 |      4 |    250 |   5 |  156.8 |
   Pandemonium |  12990 |  12990 |      0 |    133 |   9226 |  12 | 1082.5 |
      Ziggurat |   3714 |   3714 |      0 |     53 |   2481 |  21 |  176.9 |
        Bazaar |     72 |     72 |      0 |      0 |     28 |   1 |   72.0 |
         Sewer |    921 |    921 |      0 |     72 |    568 |   1 |  921.0 |
       Ossuary |   1113 |   1113 |      0 |      4 |    672 |   1 | 1113.0 |
      Ice Cave |    854 |    854 |      0 |     52 |    567 |   1 |  854.0 |
        Wizlab |   2108 |   2108 |      0 |      0 |   1679 |   1 | 2108.0 |
      Gauntlet |    533 |    533 |      0 |     98 |     50 |   1 |  533.0 |
               +--------+--------+--------+--------+--------+-----+--------+

Top non-repeatable levels by time:
     D:8: 2953 daAuts
Depths:2: 2922 daAuts
 Snake:3: 2587 daAuts
   Zot:3: 2302 daAuts
  WizLab: 2108 daAuts
Vaults:2: 2085 daAuts
 Crypt:3: 2010 daAuts
  Lair:3: 1905 daAuts
 Snake:4: 1852 daAuts
Depths:3: 1798 daAuts
Vaults:1: 1790 daAuts
   Tar:7: 1701 daAuts
 Swamp:4: 1671 daAuts
    D:15: 1667 daAuts
   Elf:3: 1664 daAuts
